Workbook
Name Base_date: [1]Title!$A$8
Name First_month: [1]Title!$A$10
Name i: '[2]Add NRA inputs'!$C$8
Name ii: '[3]Add NRA inputs'!$C$6
Name j: '[3]Add NRA inputs'!$C$8
Name NRA_pred_CPI_increase: '[4]CPI & Toll increase inputs'!$C$5
Name Ops_start: [5]Title!$B$10
Name Pred_monthly__CPI: '[6]Add NRA inputs'!$C$6
Name PV_month: #REF!
Name PV_month_name: '[6]Other calcs'!$C$5
Name Rounddown_above_R10: #REF!
Name Rounddown_below_R10: #REF!
Name sa: '[3]CPI increase input'!$E$6
Name test: #REF!
Name VAT_Rate: #REF!
Name VAT_Rate2: [5]Title!$B$14
Name VATrate: #REF!
Name Vlookup_table_for_month_names: '[7]Other calcs'!$A$5:$B$16

Sheet Title Page
C3: CONTRACT SANRAL N.003-010-2024/2R: FOR THE OPERATIONS AND MAINTENANCE OF MARIANNHILL TOLL PLAZA ON NATIONAL ROUTE 3
C5: Schedule of Payments / Cost Matrices for the Design-Build and Operation Service Periods
C8: Base Date:
C9: =DATE(2026,11,14)-28 -> 46312
C10: First Month of Contract:
C11: =C9+164 -> 46476
C12: First Month of Operation Service:
C13: =C11+42 -> 46518

Sheet ETOC to Model
B2: Control Centre | D2: Vehicle Class | E2: Est Period | G2: 1 | S2: =+G2+1 -> 2 | AE2: =+S2+1 -> 3 | AQ2: =+AE2+1 -> 4 | BC2: =+AQ2+1 -> 5 | BO2: =+BC2+1 -> 6
E3: =+'Title Page'!C11 -> 46476 | F3: =DATE(YEAR(E3),MONTH(E3)+2,1)-1 -> 46507 | G3: =DATE(YEAR(F3),MONTH(F3)+2,1)-1 -> 46538 | H3: =DATE(YEAR(G3),MONTH(G3)+2,1)-1 -> 46568 | I3: =DATE(YEAR(H3),MONTH(H3)+2,1)-1 -> 46599 | J3: =DATE(YEAR(I3),MONTH(I3)+2,1)-1 -> 46630 | K3: =DATE(YEAR(J3),MONTH(J3)+2,1)-1 -> 46660 | L3: =DATE(YEAR(K3),MONTH(K3)+2,1)-1 -> 46691 | M3: =DATE(YEAR(L3),MONTH(L3)+2,1)-1 -> 46721 | ... BZ3: =DATE(YEAR(BY3),MONTH(BY3)+2,1)-1 -> 48699
B4: Mariannhill | D4: Class 1 | E4: =Mariannhill!H16 -> 0 | F4: =Mariannhill!I16 -> 0 | G4: =Mariannhill!J16 -> 0 | H4: =Mariannhill!K16 -> 0 | I4: =Mariannhill!L16 -> 0 | J4: =Mariannhill!M16 -> 0 | K4: =Mariannhill!N16 -> 0 | L4: =Mariannhill!O16 -> 0 | ... BZ4: =Mariannhill!CC16 -> 0
D5: Class 2 | E5: =Mariannhill!H17 -> 0 | F5: =Mariannhill!I17 -> 0 | G5: =Mariannhill!J17 -> 0 | H5: =Mariannhill!K17 -> 0 | I5: =Mariannhill!L17 -> 0 | J5: =Mariannhill!M17 -> 0 | K5: =Mariannhill!N17 -> 0 | L5: =Mariannhill!O17 -> 0 | ... BZ5: =Mariannhill!CC17 -> 0
D6: Class 3 | E6: =Mariannhill!H18 -> 0 | F6: =Mariannhill!I18 -> 0 | G6: =Mariannhill!J18 -> 0 | H6: =Mariannhill!K18 -> 0 | I6: =Mariannhill!L18 -> 0 | J6: =Mariannhill!M18 -> 0 | K6: =Mariannhill!N18 -> 0 | L6: =Mariannhill!O18 -> 0 | ... BZ6: =Mariannhill!CC18 -> 0
D7: Class 4 | E7: =Mariannhill!H19 -> 0 | F7: =Mariannhill!I19 -> 0 | G7: =Mariannhill!J19 -> 0 | H7: =Mariannhill!K19 -> 0 | I7: =Mariannhill!L19 -> 0 | J7: =Mariannhill!M19 -> 0 | K7: =Mariannhill!N19 -> 0 | L7: =Mariannhill!O19 -> 0 | ... BZ7: =Mariannhill!CC19 -> 0
B8: Total | C8: =+B4 -> Mariannhill | E8: =+SUM(E4:E7) -> 0 | F8: =+SUM(F4:F7) -> 0 | G8: =+SUM(G4:G7) -> 0 | H8: =+SUM(H4:H7) -> 0 | I8: =+SUM(I4:I7) -> 0 | J8: =+SUM(J4:J7) -> 0 | K8: =+SUM(K4:K7) -> 0 | L8: =+SUM(L4:L7) -> 0 | ... BZ8: =+SUM(BZ4:BZ7) -> 0
B9: Total Variable OM Fees to Model | E9: =+SUM(E8:E8) -> 0 | F9: =+SUM(F8:F8) -> 0 | G9: =+SUM(G8:G8) -> 0 | H9: =+SUM(H8:H8) -> 0 | I9: =+SUM(I8:I8) -> 0 | J9: =+SUM(J8:J8) -> 0 | K9: =+SUM(K8:K8) -> 0 | L9: =+SUM(L8:L8) -> 0 | ... BZ9: =+SUM(BZ8:BZ8) -> 0
B11: Control Centre | E11: Est Period | G11: 1 | S11: =+G11+1 -> 2 | AE11: =+S11+1 -> 3 | AQ11: =+AE11+1 -> 4 | BC11: =+AQ11+1 -> 5 | BO11: =+BC11+1 -> 6
E12: =+E$3 -> 46476 | F12: =+F$3 -> 46507 | G12: =+G$3 -> 46538 | H12: =+H$3 -> 46568 | I12: =+I$3 -> 46599 | J12: =+J$3 -> 46630 | K12: =+K$3 -> 46660 | L12: =+L$3 -> 46691 | ... BZ12: =+BZ$3 -> 48699
C13: =+B4 -> Mariannhill | E13: =+Mariannhill!H13 -> 0 | F13: =+Mariannhill!I13 -> 0 | G13: =+Mariannhill!J13 -> 89600 | H13: =+Mariannhill!K13 -> 89600 | I13: =+Mariannhill!L13 -> 89600 | J13: =+Mariannhill!M13 -> 89600 | K13: =+Mariannhill!N13 -> 89600 | L13: =+Mariannhill!O13 -> 89600 | ... BZ13: =+Mariannhill!CC13 -> 89600
B14: Fixed OM Fees to Model (Subject to CPI) | E14: =+SUM(E13:E13) -> 0 | F14: =+SUM(F13:F13) -> 0 | G14: =+SUM(G13:G13) -> 89600 | H14: =+SUM(H13:H13) -> 89600 | I14: =+SUM(I13:I13) -> 89600 | J14: =+SUM(J13:J13) -> 89600 | K14: =+SUM(K13:K13) -> 89600 | L14: =+SUM(L13:L13) -> 89600 | ... BZ14: =+SUM(BZ13:BZ13) -> 89600
B16: Control Centre | E16: Est Period | G16: 1 | S16: =+G16+1 -> 2 | AE16: =+S16+1 -> 3 | AQ16: =+AE16+1 -> 4 | BC16: =+AQ16+1 -> 5 | BO16: =+BC16+1 -> 6
E17: =+E$3 -> 46476 | F17: =+F$3 -> 46507 | G17: =+G$3 -> 46538 | H17: =+H$3 -> 46568 | I17: =+I$3 -> 46599 | J17: =+J$3 -> 46630 | K17: =+K$3 -> 46660 | L17: =+L$3 -> 46691 | ... BZ17: =+BZ$3 -> 48699
C18: =+B4 -> Mariannhill | E18: =+Mariannhill!H14 -> 27000000 | F18: =+Mariannhill!I14 -> 27000000 | G18: =+Mariannhill!J14 -> 27555556 | H18: =+Mariannhill!K14 -> 555555.56 | I18: =+Mariannhill!L14 -> 555555.56 | J18: =+Mariannhill!M14 -> 555555.56 | K18: =+Mariannhill!N14 -> 555555.56 | L18: =+Mariannhill!O14 -> 555555.56 | ... BZ18: =+Mariannhill!CC14 -> 7397370.4
B19: OM Provisional Sums to Model (Not Subject to CPI) | E19: =+SUM(E18:E18) -> 27000000 | F19: =+SUM(F18:F18) -> 27000000 | G19: =+SUM(G18:G18) -> 27555556 | H19: =+SUM(H18:H18) -> 555555.56 | I19: =+SUM(I18:I18) -> 555555.56 | J19: =+SUM(J18:J18) -> 555555.56 | K19: =+SUM(K18:K18) -> 555555.56 | L19: =+SUM(L18:L18) -> 555555.56 | ... BZ19: =+SUM(BZ18:BZ18) -> 7397370.4
B21: Control Centre | E21: Est Period | G21: 1 | S21: =+G21+1 -> 2 | AE21: =+S21+1 -> 3 | AQ21: =+AE21+1 -> 4 | BC21: =+AQ21+1 -> 5 | BO21: =+BC21+1 -> 6
E22: =+E$3 -> 46476 | F22: =+F$3 -> 46507 | G22: =+G$3 -> 46538 | H22: =+H$3 -> 46568 | I22: =+I$3 -> 46599 | J22: =+J$3 -> 46630 | K22: =+K$3 -> 46660 | L22: =+L$3 -> 46691 | ... BZ22: =+BZ$3 -> 48699
C23: =+B4 -> Mariannhill | E23: =Mariannhill!H22 -> 0 | F23: =Mariannhill!I22 -> 0 | G23: =Mariannhill!J22 -> 0 | H23: =Mariannhill!K22 -> 0 | I23: =Mariannhill!L22 -> 0 | J23: =Mariannhill!M22 -> 0 | K23: =Mariannhill!N22 -> 0 | L23: =Mariannhill!O22 -> 0 | ... BZ23: =Mariannhill!CC22 -> 0
B24: Fixed CAPEX to Model (Subject to CPI) | E24: =+SUM(E23:E23) -> 0 | F24: =+SUM(F23:F23) -> 0 | G24: =+SUM(G23:G23) -> 0 | H24: =+SUM(H23:H23) -> 0 | I24: =+SUM(I23:I23) -> 0 | J24: =+SUM(J23:J23) -> 0 | K24: =+SUM(K23:K23) -> 0 | L24: =+SUM(L23:L23) -> 0 | ... BZ24: =+SUM(BZ23:BZ23) -> 0
B26: Control Centre | E26: Est Period | G26: 1 | S26: =+G26+1 -> 2 | AE26: =+S26+1 -> 3 | AQ26: =+AE26+1 -> 4 | BC26: =+AQ26+1 -> 5 | BO26: =+BC26+1 -> 6
E27: =+E$3 -> 46476 | F27: =+F$3 -> 46507 | G27: =+G$3 -> 46538 | H27: =+H$3 -> 46568 | I27: =+I$3 -> 46599 | J27: =+J$3 -> 46630 | K27: =+K$3 -> 46660 | L27: =+L$3 -> 46691 | ... BZ27: =+BZ$3 -> 48699
C28: =+B4 -> Mariannhill | E28: =+Mariannhill!H23 -> 1800000 | F28: =+Mariannhill!I23 -> 1800000 | G28: =+Mariannhill!J23 -> 2633333.3 | H28: =+Mariannhill!K23 -> 833333.33 | I28: =+Mariannhill!L23 -> 833333.33 | J28: =+Mariannhill!M23 -> 833333.33 | K28: =+Mariannhill!N23 -> 833333.33 | L28: =+Mariannhill!O23 -> 833333.33 | ... BZ28: =+Mariannhill!CC23 -> 2342407.5
B29: CAPEX Provisional Sums to Model (Not Subject to CPI) | E29: =+SUM(E28:E28) -> 1800000 | F29: =+SUM(F28:F28) -> 1800000 | G29: =+SUM(G28:G28) -> 2633333.3 | H29: =+SUM(H28:H28) -> 833333.33 | I29: =+SUM(I28:I28) -> 833333.33 | J29: =+SUM(J28:J28) -> 833333.33 | K29: =+SUM(K28:K28) -> 833333.33 | L29: =+SUM(L28:L28) -> 833333.33 | ... BZ29: =+SUM(BZ28:BZ28) -> 2342407.5
B31: Control Centre | E31: Est Period | G31: 1 | S31: =+G31+1 -> 2 | AE31: =+S31+1 -> 3 | AQ31: =+AE31+1 -> 4 | BC31: =+AQ31+1 -> 5 | BO31: =+BC31+1 -> 6
E32: =+E$3 -> 46476 | F32: =+F$3 -> 46507 | G32: =+G$3 -> 46538 | H32: =+H$3 -> 46568 | I32: =+I$3 -> 46599 | J32: =+J$3 -> 46630 | K32: =+K$3 -> 46660 | L32: =+L$3 -> 46691 | ... BZ32: =+BZ$3 -> 48699
C33: =+B4 -> Mariannhill | E33: =+Mariannhill!H24 -> 0 | F33: =+Mariannhill!I24 -> 0 | G33: =+Mariannhill!J24 -> 0 | H33: =+Mariannhill!K24 -> 0 | I33: =+Mariannhill!L24 -> 0 | J33: =+Mariannhill!M24 -> 0 | K33: =+Mariannhill!N24 -> 0 | L33: =+Mariannhill!O24 -> 0 | ... BZ33: =+Mariannhill!CC24 -> 892333.4
B34: Part D Contract Participation etc (Not Subject to CPI) | E34: =+SUM(E33:E33) -> 0 | F34: =+SUM(F33:F33) -> 0 | G34: =+SUM(G33:G33) -> 0 | H34: =+SUM(H33:H33) -> 0 | I34: =+SUM(I33:I33) -> 0 | J34: =+SUM(J33:J33) -> 0 | K34: =+SUM(K33:K33) -> 0 | L34: =+SUM(L33:L33) -> 0 | ... BZ34: =+SUM(BZ33:BZ33) -> 892333.4
C36: CHECK: | D36: =IF((SUM(E28:BZ28)+SUM(E23:BZ23)+SUM(E18:BZ18)+SUM(E13:BZ13)+SUM(E4:BZ7)+SUM(E33:BZ33))='N3MH Totals'!G8,"OK","CHECK") -> OK
E57: =(851709205.26+116778058.35)/72 -> 13451212

Sheet N3MH Totals
B2: Item No | C2: Description | D2: Unit | E2: Quantity | F2: Rate | G2: TOTAL (6 Years) | H2: Est Period | J2: Operation Service Period - Year 1 | V2: Operation Service Period - Year 2 | AH2: Operation Service Period - Year 3 | AT2: Operation Service Period - Year 4 | BF2: Operation Service Period - Year 5 | BR2: Operation Service Period - Year 6
H3: ='Title Page'!C11 -> 46476 | I3: =DATE(YEAR(H3),MONTH(H3)+2,1)-1 -> 46507 | J3: =DATE(YEAR(I3),MONTH(I3)+2,1)-1 -> 46538 | K3: =DATE(YEAR(J3),MONTH(J3)+2,1)-1 -> 46568 | L3: =DATE(YEAR(K3),MONTH(K3)+2,1)-1 -> 46599 | M3: =DATE(YEAR(L3),MONTH(L3)+2,1)-1 -> 46630 | N3: =DATE(YEAR(M3),MONTH(M3)+2,1)-1 -> 46660 | O3: =DATE(YEAR(N3),MONTH(N3)+2,1)-1 -> 46691 | P3: =DATE(YEAR(O3),MONTH(O3)+2,1)-1 -> 46721 | ... CC3: =DATE(YEAR(CB3),MONTH(CB3)+2,1)-1 -> 48699
C6: Total Tendered F&V Cost (Incl VAT, in Rands) - to C1.1.1 FORM OF OFFER | G6: =+G7+G8 -> 270223780
C7: 15 %VAT on Total Tendered F&V Cost (in Rands) | G7: =+G8*0.15 -> 35246580
C8: Total Tendered F&V Cost (Excl VAT, in Rands) | G8: =+G11 -> 234977200
F10: CHECK | G10: =+SUM(H30:CC55,H57:CC96,H98:CC106,H108:CC119,H122:CC133,H135:CC143,H145:CC153,H155:CC157,H159:CC172,H174:CC175,H177:CC177,H179:CC206,H210:CC223,H225:CC251,H253:CC267,H273:CC342,H344:CC346,H348:CC389,H392:CC426) -> 234977200 | H10: =G10=G11 -> TRUE | I10: =G10=G28+G208+G391 -> TRUE
C11: Total Tendered F&V Cost for A- and B Series (excl VAT) | G11: =+SUM(H11:CC11) -> 234977200 | H11: =+H21+H12+H24 -> 28800000 | I11: =+I21+I12+I24 -> 28800000 | J11: =+J21+J12+J24 -> 30278489 | K11: =+K21+K12+K24 -> 1478488.9 | L11: =+L21+L12+L24 -> 1478488.9 | M11: =+M21+M12+M24 -> 1478488.9 | N11: =+N21+N12+N24 -> 1478488.9 | O11: =+O21+O12+O24 -> 1478488.9 | ... CC11: =+CC21+CC12+CC24 -> 10721711
B12: A | C12: A Series: Operation Service | G12: =+SUM(H12:CC12) -> 159613200 | H12: =+H28 -> 27000000 | I12: =+I28 -> 27000000 | J12: =+J28 -> 27645156 | K12: =+K28 -> 645155.56 | L12: =+L28 -> 645155.56 | M12: =+M28 -> 645155.56 | N12: =+N28 -> 645155.56 | O12: =+O28 -> 645155.56 | ... CC12: =+CC28 -> 7486970.4 | CD12: =G12=G28 -> TRUE
C13: Fixed Items | G13: =+SUM(H13:CC13) -> 6451200 | H13: =+H12-SUM(H14:H15) -> 0 | I13: =+I12-SUM(I14:I15) -> 0 | J13: =+J12-SUM(J14:J15) -> 89600 | K13: =+K12-SUM(K14:K15) -> 89600 | L13: =+L12-SUM(L14:L15) -> 89600 | M13: =+M12-SUM(M14:M15) -> 89600 | N13: =+N12-SUM(N14:N15) -> 89600 | O13: =+O12-SUM(O14:O15) -> 89600 | ... CC13: =+CC12-SUM(CC14:CC15) -> 89600
C14: Provisional Sums | G14: =+SUM(H14:CC14) -> 153162000 | H14: =+H178 -> 27000000 | I14: =+I178 -> 27000000 | J14: =+J178 -> 27555556 | K14: =+K178 -> 555555.56 | L14: =+L178 -> 555555.56 | M14: =+M178 -> 555555.56 | N14: =+N178 -> 555555.56 | O14: =+O178 -> 555555.56 | ... CC14: =+CC178 -> 7397370.4
C15: Variable Operation Cost | G15: =+SUM(H15:CC15) -> 0 | H15: =+SUM(H16:H19) -> 0 | I15: =+SUM(I16:I19) -> 0 | J15: =+SUM(J16:J19) -> 0 | K15: =+SUM(K16:K19) -> 0 | L15: =+SUM(L16:L19) -> 0 | M15: =+SUM(M16:M19) -> 0 | N15: =+SUM(N16:N19) -> 0 | O15: =+SUM(O16:O19) -> 0 | ... CC15: =+SUM(CC16:CC19) -> 0
C16: Class 1 | D16: month | E16: 72 | F16: =+SUM(Mariannhill!F16) -> 0 | G16: =+SUM(H16:CC16) -> 0 | H16: =+SUM(Mariannhill!H16) -> 0 | I16: =+SUM(Mariannhill!I16) -> 0 | J16: =+SUM(Mariannhill!J16) -> 0 | K16: =+SUM(Mariannhill!K16) -> 0 | L16: =+SUM(Mariannhill!L16) -> 0 | M16: =+SUM(Mariannhill!M16) -> 0 | N16: =+SUM(Mariannhill!N16) -> 0 | O16: =+SUM(Mariannhill!O16) -> 0 | ... CC16: =+SUM(Mariannhill!CC16) -> 0
C17: Class 2 | D17: month | E17: 72 | F17: =+SUM(Mariannhill!F17) -> 0 | G17: =+SUM(H17:CC17) -> 0 | H17: =+SUM(Mariannhill!H17) -> 0 | I17: =+SUM(Mariannhill!I17) -> 0 | J17: =+SUM(Mariannhill!J17) -> 0 | K17: =+SUM(Mariannhill!K17) -> 0 | L17: =+SUM(Mariannhill!L17) -> 0 | M17: =+SUM(Mariannhill!M17) -> 0 | N17: =+SUM(Mariannhill!N17) -> 0 | O17: =+SUM(Mariannhill!O17) -> 0 | ... CC17: =+SUM(Mariannhill!CC17) -> 0
C18: Class 3 | D18: month | E18: 72 | F18: =+SUM(Mariannhill!F18) -> 0 | G18: =+SUM(H18:CC18) -> 0 | H18: =+SUM(Mariannhill!H18) -> 0 | I18: =+SUM(Mariannhill!I18) -> 0 | J18: =+SUM(Mariannhill!J18) -> 0 | K18: =+SUM(Mariannhill!K18) -> 0 | L18: =+SUM(Mariannhill!L18) -> 0 | M18: =+SUM(Mariannhill!M18) -> 0 | N18: =+SUM(Mariannhill!N18) -> 0 | O18: =+SUM(Mariannhill!O18) -> 0 | ... CC18: =+SUM(Mariannhill!CC18) -> 0
C19: Class 4 | D19: month | E19: 72 | F19: =+SUM(Mariannhill!F19) -> 0 | G19: =+SUM(H19:CC19) -> 0 | H19: =+SUM(Mariannhill!H19) -> 0 | I19: =+SUM(Mariannhill!I19) -> 0 | J19: =+SUM(Mariannhill!J19) -> 0 | K19: =+SUM(Mariannhill!K19) -> 0 | L19: =+SUM(Mariannhill!L19) -> 0 | M19: =+SUM(Mariannhill!M19) -> 0 | N19: =+SUM(Mariannhill!N19) -> 0 | O19: =+SUM(Mariannhill!O19) -> 0 | ... CC19: =+SUM(Mariannhill!CC19) -> 0
G20: =IF(SUM(G16:G19)=0,0,IF(AND((SUM(G16:G19)/G12)>0.4,G178=0),0.4,(SUM(G16:G19)/G12))) -> 0 | H20: =IF(SUM(H16:H19)=0,0,IF(AND((SUM(H16:H19)/H12)>0.4,H178=0),0.4,(SUM(H16:H19)/H12))) -> 0 | I20: =IF(SUM(I16:I19)=0,0,IF(AND((SUM(I16:I19)/I12)>0.4,I178=0),0.4,(SUM(I16:I19)/I12))) -> 0 | J20: =IF(SUM(J16:J19)=0,0,IF(AND((SUM(J16:J19)/J12)>0.4,J178=0),0.4,(SUM(J16:J19)/J12))) -> 0 | K20: =IF(SUM(K16:K19)=0,0,IF(AND((SUM(K16:K19)/K12)>0.4,K178=0),0.4,(SUM(K16:K19)/K12))) -> 0 | L20: =IF(SUM(L16:L19)=0,0,IF(AND((SUM(L16:L19)/L12)>0.4,L178=0),0.4,(SUM(L16:L19)/L12))) -> 0 | M20: =IF(SUM(M16:M19)=0,0,IF(AND((SUM(M16:M19)/M12)>0.4,M178=0),0.4,(SUM(M16:M19)/M12))) -> 0 | N20: =IF(SUM(N16:N19)=0,0,IF(AND((SUM(N16:N19)/N12)>0.4,N178=0),0.4,(SUM(N16:N19)/N12))) -> 0 | ... CC20: =IF(SUM(CC16:CC19)=0,0,IF(AND((SUM(CC16:CC19)/CC12)>0.4,CC178=0),0.4,(SUM(CC16:CC19)/CC12))) -> 0
B21: B | C21: B Series: Design Build | G21: =+SUM(H21:CC21) -> 70010000 | H21: =+H208 -> 1800000 | I21: =+I208 -> 1800000 | J21: =+J208 -> 2633333.3 | K21: =+K208 -> 833333.33 | L21: =+L208 -> 833333.33 | M21: =+M208 -> 833333.33 | N21: =+N208 -> 833333.33 | O21: =+O208 -> 833333.33 | ... CC21: =+CC208 -> 2342407.5 | CD21: =G21=G208 -> TRUE
C22: Fixed Items | G22: =+SUM(H22:CC22) -> 0 | H22: =+H21-H23 -> 0 | I22: =+I21-I23 -> 0 | J22: =+J21-J23 -> 0 | K22: =+K21-K23 -> 0 | L22: =+L21-L23 -> 0 | M22: =+M21-M23 -> 0 | N22: =+N21-N23 -> 0 | O22: =+O21-O23 -> 0 | ... CC22: =+CC21-CC23 -> 0
C23: Provisional Sums | G23: =+SUM(H23:CC23) -> 70010000 | H23: =+H347 -> 1800000 | I23: =+I347 -> 1800000 | J23: =+J347 -> 2633333.3 | K23: =+K347 -> 833333.33 | L23: =+L347 -> 833333.33 | M23: =+M347 -> 833333.33 | N23: =+N347 -> 833333.33 | O23: =+O347 -> 833333.33 | ... CC23: =+CC347 -> 2342407.5
B24: D | C24: D Series: Contract Participation, etc | G24: =+SUM(H24:CC24) -> 5354000 | H24: =+H391 -> 0 | I24: =+I391 -> 0 | J24: =+J391 -> 0 | K24: =+K391 -> 0 | L24: =+L391 -> 0 | M24: =+M391 -> 0 | N24: =+N391 -> 0 | O24: =+O391 -> 0 | ... CC24: =+CC391 -> 892333.4 | CD24: =G24=G391 -> TRUE
C25: Fixed Items | G25: =+SUM(H25:CC25) -> 0 | H25: =H24-H26 -> 0 | I25: =I24-I26 -> 0 | J25: =J24-J26 -> 0 | K25: =K24-K26 -> 0 | L25: =L24-L26 -> 0 | M25: =M24-M26 -> 0 | N25: =N24-N26 -> 0 | O25: =O24-O26 -> 0 | ... CC25: =CC24-CC26 -> 0
C26: Provisional Sums | G26: =+SUM(H26:CC26) -> 5354000 | H26: =SUM(H392,H394,H395,H408:H409,H415:H418,H420,H422,H424:H425) -> 0 | I26: =SUM(I392,I394,I395,I408:I409,I415:I418,I420,I422,I424:I425) -> 0 | J26: =SUM(J392,J394,J395,J408:J409,J415:J418,J420,J422,J424:J425) -> 0 | K26: =SUM(K392,K394,K395,K408:K409,K415:K418,K420,K422,K424:K425) -> 0 | L26: =SUM(L392,L394,L395,L408:L409,L415:L418,L420,L422,L424:L425) -> 0 | M26: =SUM(M392,M394,M395,M408:M409,M415:M418,M420,M422,M424:M425) -> 0 | N26: =SUM(N392,N394,N395,N408:N409,N415:N418,N420,N422,N424:N425) -> 0 | O26: =SUM(O392,O394,O395,O408:O409,O415:O418,O420,O422,O424:O425) -> 0 | ... CC26: =SUM(CC392,CC394,CC395,CC408:CC409,CC415:CC418,CC420,CC422,CC424:CC425) -> 892333.4
B28: A Series | C28: Operation Service | F28: =(Mariannhill!G28)=G28 -> TRUE | G28: =+SUM(G29,G56,G97,G107,G120,G154,G158,G173,G176,G178) -> 159613200 | H28: =+SUM(H29,H56,H97,H107,H120,H154,H158,H173,H176,H178) -> 27000000 | I28: =+SUM(I29,I56,I97,I107,I120,I154,I158,I173,I176,I178) -> 27000000 | J28: =+SUM(J29,J56,J97,J107,J120,J154,J158,J173,J176,J178) -> 27645156 | K28: =+SUM(K29,K56,K97,K107,K120,K154,K158,K173,K176,K178) -> 645155.56 | L28: =+SUM(L29,L56,L97,L107,L120,L154,L158,L173,L176,L178) -> 645155.56 | M28: =+SUM(M29,M56,M97,M107,M120,M154,M158,M173,M176,M178) -> 645155.56 | N28: =+SUM(N29,N56,N97,N107,N120,N154,N158,N173,N176,N178) -> 645155.56 | ... CC28: =+SUM(CC29,CC56,CC97,CC107,CC120,CC154,CC158,CC173,CC176,CC178) -> 7486970.4 | CD28: .
B29: A-1000 | C29: General Contractors Obligations | F29: =(Mariannhill!G29)=G29 -> TRUE | G29: =SUM(G30:G55) -> 0 | H29: =SUM(H30:H55) -> 0 | I29: =SUM(I30:I55) -> 0 | J29: =SUM(J30:J55) -> 0 | K29: =SUM(K30:K55) -> 0 | L29: =SUM(L30:L55) -> 0 | M29: =SUM(M30:M55) -> 0 | N29: =SUM(N30:N55) -> 0 | ... CC29: =SUM(CC30:CC55) -> 0 | CD29: .
B30: A-1001 | C30: Contractors General Obligations for the duration of the Operations Service Period | F30: =(Mariannhill!G30)=G30 -> TRUE | G30: =+SUM(H30:CC30) -> 0 | H30: =SUM(Mariannhill!H30) -> 0 | I30: =SUM(Mariannhill!I30) -> 0 | J30: =SUM(Mariannhill!J30) -> 0 | K30: =SUM(Mariannhill!K30) -> 0 | L30: =SUM(Mariannhill!L30) -> 0 | M30: =SUM(Mariannhill!M30) -> 0 | N30: =SUM(Mariannhill!N30) -> 0 | O30: =SUM(Mariannhill!O30) -> 0 | ... CC30: =SUM(Mariannhill!CC30) -> 0 | CD30: .
B31: A-1001a | C31: Contractors General Obligations for the duration of the Operations Service Period - Establishment Period | D31: Week | E31: =SUM(Mariannhill!E31) -> 6 | F31: =(Mariannhill!G31)=G31 -> TRUE | G31: =+SUM(H31:CC31) -> 0 | H31: =SUM(Mariannhill!H31) -> 0 | I31: =SUM(Mariannhill!I31) -> 0 | J31: =SUM(Mariannhill!J31) -> 0 | K31: =SUM(Mariannhill!K31) -> 0 | L31: =SUM(Mariannhill!L31) -> 0 | M31: =SUM(Mariannhill!M31) -> 0 | N31: =SUM(Mariannhill!N31) -> 0 | O31: =SUM(Mariannhill!O31) -> 0 | ... CC31: =SUM(Mariannhill!CC31) -> 0 | CD31: .
B32: A-1001b | C32: Contractors General Obligations for the duration of the Operations Service Period - Section 1 (Using the Toll System handed over while being replaced) | D32: Month | E32: 42 | F32: =(Mariannhill!G32)=G32 -> TRUE | G32: =+SUM(H32:CC32) -> 0 | H32: =SUM(Mariannhill!H32) -> 0 | I32: =SUM(Mariannhill!I32) -> 0 | J32: =SUM(Mariannhill!J32) -> 0 | K32: =SUM(Mariannhill!K32) -> 0 | L32: =SUM(Mariannhill!L32) -> 0 | M32: =SUM(Mariannhill!M32) -> 0 | N32: =SUM(Mariannhill!N32) -> 0 | O32: =SUM(Mariannhill!O32) -> 0 | ... CC32: =SUM(Mariannhill!CC32) -> 0 | CD32: .
B33: A-1001c | C33: Contractors General Obligations for the duration of the Operations Service Period - Section 2 & 3 (Using the Upgraded Toll System in new northbound and in existing southbound lanes, operating with construction in southbound lanes) | D33: Month | E33: 18 | F33: =(Mariannhill!G33)=G33 -> TRUE | G33: =+SUM(H33:CC33) -> 0 | H33: =SUM(Mariannhill!H33) -> 0 | I33: =SUM(Mariannhill!I33) -> 0 | J33: =SUM(Mariannhill!J33) -> 0 | K33: =SUM(Mariannhill!K33) -> 0 | L33: =SUM(Mariannhill!L33) -> 0 | M33: =SUM(Mariannhill!M33) -> 0 | N33: =SUM(Mariannhill!N33) -> 0 | O33: =SUM(Mariannhill!O33) -> 0 | ... CC33: =SUM(Mariannhill!CC33) -> 0 | CD33: .
B34: A-1001d | C34: Contractors General Obligations for the duration of the Operations Service Period - Section 4 (Using new southbound lanes) | D34: Month | E34: 5 | F34: =(Mariannhill!G34)=G34 -> TRUE | G34: =+SUM(H34:CC34) -> 0 | H34: =SUM(Mariannhill!H34) -> 0 | I34: =SUM(Mariannhill!I34) -> 0 | J34: =SUM(Mariannhill!J34) -> 0 | K34: =SUM(Mariannhill!K34) -> 0 | L34: =SUM(Mariannhill!L34) -> 0 | M34: =SUM(Mariannhill!M34) -> 0 | N34: =SUM(Mariannhill!N34) -> 0 | O34: =SUM(Mariannhill!O34) -> 0 | ... CC34: =SUM(Mariannhill!CC34) -> 0 | CD34: .
B35: A-1001e | C35: Contractors General Obligations for the duration of the Operations Service Period - Section 5 (Using the SANRAL MIS, to be triggered) | D35: Month | E35: 4 | F35: =(Mariannhill!G35)=G35 -> TRUE | G35: =+SUM(H35:CC35) -> 0 | H35: =SUM(Mariannhill!H35) -> 0 | I35: =SUM(Mariannhill!I35) -> 0 | J35: =SUM(Mariannhill!J35) -> 0 | K35: =SUM(Mariannhill!K35) -> 0 | L35: =SUM(Mariannhill!L35) -> 0 | M35: =SUM(Mariannhill!M35) -> 0 | N35: =SUM(Mariannhill!N35) -> 0 | O35: =SUM(Mariannhill!O35) -> 0 | ... CC35: =SUM(Mariannhill!CC35) -> 0 | CD35: .
B36: A-1001f | C36: Contractors General Obligations for the duration of the Operations Period – Section 6 (Using the National SANRAL Toll System, to be triggered) | D36: Month | E36: 3 | F36: =(Mariannhill!G36)=G36 -> TRUE | G36: =+SUM(H36:CC36) -> 0 | H36: =SUM(Mariannhill!H36) -> 0 | I36: =SUM(Mariannhill!I36) -> 0 | J36: =SUM(Mariannhill!J36) -> 0 | K36: =SUM(Mariannhill!K36) -> 0 | L36: =SUM(Mariannhill!L36) -> 0 | M36: =SUM(Mariannhill!M36) -> 0 | N36: =SUM(Mariannhill!N36) -> 0 | O36: =SUM(Mariannhill!O36) -> 0 | ... CC36: =SUM(Mariannhill!CC36) -> 0 | CD36: .
B37: A-1002 | C37: Provision of Performance Security | D37: Year | E37: =SUM(Mariannhill!E37) -> 6 | F37: =(Mariannhill!G37)=G37 -> TRUE | G37: =+SUM(H37:CC37) -> 0 | H37: =SUM(Mariannhill!H37) -> 0 | I37: =SUM(Mariannhill!I37) -> 0 | J37: =SUM(Mariannhill!J37) -> 0 | K37: =SUM(Mariannhill!K37) -> 0 | L37: =SUM(Mariannhill!L37) -> 0 | M37: =SUM(Mariannhill!M37) -> 0 | N37: =SUM(Mariannhill!N37) -> 0 | O37: =SUM(Mariannhill!O37) -> 0 | ... CC37: =SUM(Mariannhill!CC37) -> 0 | CD37: .
B38: A-1003 | C38: Compliance with Laws | D38: Month | E38: =SUM(Mariannhill!E38) -> 72 | F38: =(Mariannhill!G38)=G38 -> TRUE | G38: =+SUM(H38:CC38) -> 0 | H38: =SUM(Mariannhill!H38) -> 0 | I38: =SUM(Mariannhill!I38) -> 0 | J38: =SUM(Mariannhill!J38) -> 0 | K38: =SUM(Mariannhill!K38) -> 0 | L38: =SUM(Mariannhill!L38) -> 0 | M38: =SUM(Mariannhill!M38) -> 0 | N38: =SUM(Mariannhill!N38) -> 0 | O38: =SUM(Mariannhill!O38) -> 0 | ... CC38: =SUM(Mariannhill!CC38) -> 0 | CD38: .
B39: A-1004 | C39: Compliance with Health and Safety Requirements | D39: Month | E39: =SUM(Mariannhill!E39) -> 72 | F39: =(Mariannhill!G39)=G39 -> TRUE | G39: =+SUM(H39:CC39) -> 0 | H39: =SUM(Mariannhill!H39) -> 0 | I39: =SUM(Mariannhill!I39) -> 0 | J39: =SUM(Mariannhill!J39) -> 0 | K39: =SUM(Mariannhill!K39) -> 0 | L39: =SUM(Mariannhill!L39) -> 0 | M39: =SUM(Mariannhill!M39) -> 0 | N39: =SUM(Mariannhill!N39) -> 0 | O39: =SUM(Mariannhill!O39) -> 0 | ... CC39: =SUM(Mariannhill!CC39) -> 0 | CD39: .
B40: A-1005 | C40: Compliance with Environmental Requirements | D40: Month | E40: =SUM(Mariannhill!E40) -> 72 | F40: =(Mariannhill!G40)=G40 -> TRUE | G40: =+SUM(H40:CC40) -> 0 | H40: =SUM(Mariannhill!H40) -> 0 | I40: =SUM(Mariannhill!I40) -> 0 | J40: =SUM(Mariannhill!J40) -> 0 | K40: =SUM(Mariannhill!K40) -> 0 | L40: =SUM(Mariannhill!L40) -> 0 | M40: =SUM(Mariannhill!M40) -> 0 | N40: =SUM(Mariannhill!N40) -> 0 | O40: =SUM(Mariannhill!O40) -> 0 | ... CC40: =SUM(Mariannhill!CC40) -> 0 | CD40: .
B41: A-1006 | C41: Compliance with Social Responsibility Requirements | D41: Month | E41: =SUM(Mariannhill!E41) -> 72 | F41: =(Mariannhill!G41)=G41 -> TRUE | G41: =+SUM(H41:CC41) -> 0 | H41: =SUM(Mariannhill!H41) -> 0 | I41: =SUM(Mariannhill!I41) -> 0 | J41: =SUM(Mariannhill!J41) -> 0 | K41: =SUM(Mariannhill!K41) -> 0 | L41: =SUM(Mariannhill!L41) -> 0 | M41: =SUM(Mariannhill!M41) -> 0 | N41: =SUM(Mariannhill!N41) -> 0 | O41: =SUM(Mariannhill!O41) -> 0 | ... CC41: =SUM(Mariannhill!CC41) -> 0 | CD41: .
B42: A-1007 | C42: Provision and Maintenance of Adequate Insurance | D42: Month | E42: =SUM(Mariannhill!E42) -> 72 | F42: =(Mariannhill!G42)=G42 -> TRUE | G42: =+SUM(H42:CC42) -> 0 | H42: =SUM(Mariannhill!H42) -> 0 | I42: =SUM(Mariannhill!I42) -> 0 | J42: =SUM(Mariannhill!J42) -> 0 | K42: =SUM(Mariannhill!K42) -> 0 | L42: =SUM(Mariannhill!L42) -> 0 | M42: =SUM(Mariannhill!M42) -> 0 | N42: =SUM(Mariannhill!N42) -> 0 | O42: =SUM(Mariannhill!O42) -> 0 | ... CC42: =SUM(Mariannhill!CC42) -> 0 | CD42: .
B43: A-1008 | C43: Provision and Maintenance of Contractor's Equipment | D43: Month | E43: =SUM(Mariannhill!E43) -> 72 | F43: =(Mariannhill!G43)=G43 -> TRUE | G43: =+SUM(H43:CC43) -> 0 | H43: =SUM(Mariannhill!H43) -> 0 | I43: =SUM(Mariannhill!I43) -> 0 | J43: =SUM(Mariannhill!J43) -> 0 | K43: =SUM(Mariannhill!K43) -> 0 | L43: =SUM(Mariannhill!L43) -> 0 | M43: =SUM(Mariannhill!M43) -> 0 | N43: =SUM(Mariannhill!N43) -> 0 | O43: =SUM(Mariannhill!O43) -> 0 | ... CC43: =SUM(Mariannhill!CC43) -> 0 | CD43: .
B44: A-1009 | C44: Supply and Maintenance of Documents and Drawings | D44: Month | E44: =SUM(Mariannhill!E44) -> 72 | F44: =(Mariannhill!G44)=G44 -> TRUE | G44: =+SUM(H44:CC44) -> 0 | H44: =SUM(Mariannhill!H44) -> 0 | I44: =SUM(Mariannhill!I44) -> 0 | J44: =SUM(Mariannhill!J44) -> 0 | K44: =SUM(Mariannhill!K44) -> 0 | L44: =SUM(Mariannhill!L44) -> 0 | M44: =SUM(Mariannhill!M44) -> 0 | N44: =SUM(Mariannhill!N44) -> 0 | O44: =SUM(Mariannhill!O44) -> 0 | ... CC44: =SUM(Mariannhill!CC44) -> 0 | CD44: .
B45: A-1010 | C45: Training of Personnel and other training obligations | D45: Month | E45: =SUM(Mariannhill!E45) -> 72 | F45: =(Mariannhill!G45)=G45 -> TRUE | G45: =+SUM(H45:CC45) -> 0 | H45: =SUM(Mariannhill!H45) -> 0 | I45: =SUM(Mariannhill!I45) -> 0 | J45: =SUM(Mariannhill!J45) -> 0 | K45: =SUM(Mariannhill!K45) -> 0 | L45: =SUM(Mariannhill!L45) -> 0 | M45: =SUM(Mariannhill!M45) -> 0 | N45: =SUM(Mariannhill!N45) -> 0 | O45: =SUM(Mariannhill!O45) -> 0 | ... CC45: =SUM(Mariannhill!CC45) -> 0 | CD45: .
B46: A-1011 | C46: Completion of Operation Service Period | D46: Lump Sum | E46: =SUM(Mariannhill!E46) -> 1 | F46: =(Mariannhill!G46)=G46 -> TRUE | G46: =+SUM(H46:CC46) -> 0 | H46: =SUM(Mariannhill!H46) -> 0 | I46: =SUM(Mariannhill!I46) -> 0 | J46: =SUM(Mariannhill!J46) -> 0 | K46: =SUM(Mariannhill!K46) -> 0 | L46: =SUM(Mariannhill!L46) -> 0 | M46: =SUM(Mariannhill!M46) -> 0 | N46: =SUM(Mariannhill!N46) -> 0 | O46: =SUM(Mariannhill!O46) -> 0 | ... CC46: =SUM(Mariannhill!CC46) -> 0 | CD46: .
B47: A-1012 | C47: Extra Over Cost for Taking over of upgraded & new assets during contract period (if triggered) | D47: Lump Sum | E47: =SUM(Mariannhill!E47) -> 1 | F47: =(Mariannhill!G47)=G47 -> TRUE | G47: =+SUM(H47:CC47) -> 0 | H47: =SUM(Mariannhill!H47) -> 0 | I47: =SUM(Mariannhill!I47) -> 0 | J47: =SUM(Mariannhill!J47) -> 0 | K47: =SUM(Mariannhill!K47) -> 0 | L47: =SUM(Mariannhill!L47) -> 0 | M47: =SUM(Mariannhill!M47) -> 0 | N47: =SUM(Mariannhill!N47) -> 0 | O47: =SUM(Mariannhill!O47) -> 0 | ... CC47: =SUM(Mariannhill!CC47) -> 0 | CD47: .
B48: A-1013 | C48: ESCROW for commissioning System application software (not toll system related) | D48: Month | E48: =SUM(Mariannhill!E48) -> 72 | F48: =(Mariannhill!G48)=G48 -> TRUE | G48: =+SUM(H48:CC48) -> 0 | H48: =SUM(Mariannhill!H48) -> 0 | I48: =SUM(Mariannhill!I48) -> 0 | J48: =SUM(Mariannhill!J48) -> 0 | K48: =SUM(Mariannhill!K48) -> 0 | L48: =SUM(Mariannhill!L48) -> 0 | M48: =SUM(Mariannhill!M48) -> 0 | N48: =SUM(Mariannhill!N48) -> 0 | O48: =SUM(Mariannhill!O48) -> 0 | ... CC48: =SUM(Mariannhill!CC48) -> 0 | CD48: .
... B50: A-1015 | C50: Liaison with Service Providers | D50: Month | E50: =SUM(Mariannhill!E50) -> 72 | F50: =(Mariannhill!G50)=G50 -> TRUE | G50: =+SUM(H50:CC50) -> 0 | H50: =SUM(Mariannhill!H50) -> 0 | I50: =SUM(Mariannhill!I50) -> 0 | J50: =SUM(Mariannhill!J50) -> 0 | K50: =SUM(Mariannhill!K50) -> 0 | L50: =SUM(Mariannhill!L50) -> 0 | M50: =SUM(Mariannhill!M50) -> 0 | N50: =SUM(Mariannhill!N50) -> 0 | O50: =SUM(Mariannhill!O50) -> 0 | ... CC50: =SUM(Mariannhill!CC50) -> 0 | CD50: .
B51: A-1016 | C51: Mentoring Targeted Enterprise (New Entrant-Developing Operator) | F51: =(Mariannhill!G51)=G51 -> TRUE | G51: =+SUM(H51:CC51) -> 0 | H51: =SUM(Mariannhill!H51) -> 0 | I51: =SUM(Mariannhill!I51) -> 0 | J51: =SUM(Mariannhill!J51) -> 0 | K51: =SUM(Mariannhill!K51) -> 0 | L51: =SUM(Mariannhill!L51) -> 0 | M51: =SUM(Mariannhill!M51) -> 0 | N51: =SUM(Mariannhill!N51) -> 0 | O51: =SUM(Mariannhill!O51) -> 0 | ... CC51: =SUM(Mariannhill!CC51) -> 0 | CD51: .
B52: A-1016a | C52: Identify and train Targeted Enterprise (New Entrant-Developing Operator) | D52: Month | E52: =SUM(Mariannhill!E52) -> 0 | F52: =(Mariannhill!G52)=G52 -> TRUE | G52: =+SUM(H52:CC52) -> 0 | H52: =SUM(Mariannhill!H52) -> 0 | I52: =SUM(Mariannhill!I52) -> 0 | J52: =SUM(Mariannhill!J52) -> 0 | K52: =SUM(Mariannhill!K52) -> 0 | L52: =SUM(Mariannhill!L52) -> 0 | M52: =SUM(Mariannhill!M52) -> 0 | N52: =SUM(Mariannhill!N52) -> 0 | O52: =SUM(Mariannhill!O52) -> 0 | ... CC52: =SUM(Mariannhill!CC52) -> 0 | CD52: .
B53: A-1016b | C53: Oversee of Targeted Enterprise (New Entrant-Developing Operator) management of Toll Plaza | D53: Month | E53: =SUM(Mariannhill!E53) -> 0 | F53: =(Mariannhill!G53)=G53 -> TRUE | G53: =+SUM(H53:CC53) -> 0 | H53: =SUM(Mariannhill!H53) -> 0 | I53: =SUM(Mariannhill!I53) -> 0 | J53: =SUM(Mariannhill!J53) -> 0 | K53: =SUM(Mariannhill!K53) -> 0 | L53: =SUM(Mariannhill!L53) -> 0 | M53: =SUM(Mariannhill!M53) -> 0 | N53: =SUM(Mariannhill!N53) -> 0 | O53: =SUM(Mariannhill!O53) -> 0 | ... CC53: =SUM(Mariannhill!CC53) -> 0 | CD53: .
B54: A-1017 | C54: Extra over costs for the supervision of the Nominated Subcontractor (NSC) | D54: Month | E54: =SUM(Mariannhill!E54) -> 54 | F54: =(Mariannhill!G53)=G54 -> TRUE | G54: =+SUM(H54:CC54) -> 0 | H54: =SUM(Mariannhill!H54) -> 0 | I54: =SUM(Mariannhill!I54) -> 0 | J54: =SUM(Mariannhill!J54) -> 0 | K54: =SUM(Mariannhill!K54) -> 0 | L54: =SUM(Mariannhill!L54) -> 0 | M54: =SUM(Mariannhill!M54) -> 0 | N54: =SUM(Mariannhill!N54) -> 0 | O54: =SUM(Mariannhill!O54) -> 0 | ... CC54: =SUM(Mariannhill!CC54) -> 0 | CD54: .
B55: A-1018 | C55: Extra over costs for the supervision of the Incumbent System integrator (ISI) | D55: Month | E55: =SUM(Mariannhill!E55) -> 18 | F55: =(Mariannhill!G55)=G55 -> TRUE | G55: =+SUM(H55:CC55) -> 0 | H55: =SUM(Mariannhill!H55) -> 0 | I55: =SUM(Mariannhill!I55) -> 0 | J55: =SUM(Mariannhill!J55) -> 0 | K55: =SUM(Mariannhill!K55) -> 0 | L55: =SUM(Mariannhill!L55) -> 0 | M55: =SUM(Mariannhill!M55) -> 0 | N55: =SUM(Mariannhill!N55) -> 0 | O55: =SUM(Mariannhill!O55) -> 0 | ... CC55: =SUM(Mariannhill!CC55) -> 0 | CD55: .
B56: A-2000 | C56: Provisioning of Staff and Labour | F56: =(Mariannhill!G56)=G56 -> TRUE | G56: =SUM(G57:G96) -> 0 | H56: =SUM(H57:H96) -> 0 | I56: =SUM(I57:I96) -> 0 | J56: =SUM(J57:J96) -> 0 | K56: =SUM(K57:K96) -> 0 | L56: =SUM(L57:L96) -> 0 | M56: =SUM(M57:M96) -> 0 | N56: =SUM(N57:N96) -> 0 | ... CC56: =SUM(CC57:CC96) -> 0 | CD56: .
B57: A-2001 | C57: Toll Collectors | D57: Month | E57: =SUM(Mariannhill!E57) -> 72 | F57: =(Mariannhill!G57)=G57 -> TRUE | G57: =+SUM(H57:CC57) -> 0 | H57: =SUM(Mariannhill!H57) -> 0 | I57: =SUM(Mariannhill!I57) -> 0 | J57: =SUM(Mariannhill!J57) -> 0 | K57: =SUM(Mariannhill!K57) -> 0 | L57: =SUM(Mariannhill!L57) -> 0 | M57: =SUM(Mariannhill!M57) -> 0 | N57: =SUM(Mariannhill!N57) -> 0 | O57: =SUM(Mariannhill!O57) -> 0 | ... CC57: =SUM(Mariannhill!CC57) -> 0 | CD57: .
B58: A-2002 | C58: Senior Toll Collectors | D58: Month | E58: =SUM(Mariannhill!E58) -> 72 | F58: =(Mariannhill!G58)=G58 -> TRUE | G58: =+SUM(H58:CC58) -> 0 | H58: =SUM(Mariannhill!H58) -> 0 | I58: =SUM(Mariannhill!I58) -> 0 | J58: =SUM(Mariannhill!J58) -> 0 | K58: =SUM(Mariannhill!K58) -> 0 | L58: =SUM(Mariannhill!L58) -> 0 | M58: =SUM(Mariannhill!M58) -> 0 | N58: =SUM(Mariannhill!N58) -> 0 | O58: =SUM(Mariannhill!O58) -> 0 | ... CC58: =SUM(Mariannhill!CC58) -> 0 | CD58: .
B59: A-2003 | C59: Seasonal Toll Collectors | D59: Month | E59: =SUM(Mariannhill!E59) -> 72 | F59: =(Mariannhill!G59)=G59 -> TRUE | G59: =+SUM(H59:CC59) -> 0 | H59: =SUM(Mariannhill!H59) -> 0 | I59: =SUM(Mariannhill!I59) -> 0 | J59: =SUM(Mariannhill!J59) -> 0 | K59: =SUM(Mariannhill!K59) -> 0 | L59: =SUM(Mariannhill!L59) -> 0 | M59: =SUM(Mariannhill!M59) -> 0 | N59: =SUM(Mariannhill!N59) -> 0 | O59: =SUM(Mariannhill!O59) -> 0 | ... CC59: =SUM(Mariannhill!CC59) -> 0 | CD59: .
B60: A-2004 | C60: Shift Supervisors | D60: Month | E60: =SUM(Mariannhill!E60) -> 72 | F60: =(Mariannhill!G60)=G60 -> TRUE | G60: =+SUM(H60:CC60) -> 0 | H60: =SUM(Mariannhill!H60) -> 0 | I60: =SUM(Mariannhill!I60) -> 0 | J60: =SUM(Mariannhill!J60) -> 0 | K60: =SUM(Mariannhill!K60) -> 0 | L60: =SUM(Mariannhill!L60) -> 0 | M60: =SUM(Mariannhill!M60) -> 0 | N60: =SUM(Mariannhill!N60) -> 0 | O60: =SUM(Mariannhill!O60) -> 0 | ... CC60: =SUM(Mariannhill!CC60) -> 0 | CD60: .
B61: A-2005 | C61: Plaza Managers | D61: Month | E61: =SUM(Mariannhill!E61) -> 72 | F61: =(Mariannhill!G61)=G61 -> TRUE | G61: =+SUM(H61:CC61) -> 0 | H61: =SUM(Mariannhill!H61) -> 0 | I61: =SUM(Mariannhill!I61) -> 0 | J61: =SUM(Mariannhill!J61) -> 0 | K61: =SUM(Mariannhill!K61) -> 0 | L61: =SUM(Mariannhill!L61) -> 0 | M61: =SUM(Mariannhill!M61) -> 0 | N61: =SUM(Mariannhill!N61) -> 0 | O61: =SUM(Mariannhill!O61) -> 0 | ... CC61: =SUM(Mariannhill!CC61) -> 0 | CD61: .
B62: A-2006 | C62: Administrative Personnel | D62: Month | E62: =SUM(Mariannhill!E62) -> 72 | F62: =(Mariannhill!G62)=G62 -> TRUE | G62: =+SUM(H62:CC62) -> 0 | H62: =SUM(Mariannhill!H62) -> 0 | I62: =SUM(Mariannhill!I62) -> 0 | J62: =SUM(Mariannhill!J62) -> 0 | K62: =SUM(Mariannhill!K62) -> 0 | L62: =SUM(Mariannhill!L62) -> 0 | M62: =SUM(Mariannhill!M62) -> 0 | N62: =SUM(Mariannhill!N62) -> 0 | O62: =SUM(Mariannhill!O62) -> 0 | ... CC62: =SUM(Mariannhill!CC62) -> 0 | CD62: .
B63: A-2007 | C63: Lane, Garden and Plaza Attendants | D63: Month | E63: =SUM(Mariannhill!E63) -> 72 | F63: =(Mariannhill!G63)=G63 -> TRUE | G63: =+SUM(H63:CC63) -> 0 | H63: =SUM(Mariannhill!H63) -> 0 | I63: =SUM(Mariannhill!I63) -> 0 | J63: =SUM(Mariannhill!J63) -> 0 | K63: =SUM(Mariannhill!K63) -> 0 | L63: =SUM(Mariannhill!L63) -> 0 | M63: =SUM(Mariannhill!M63) -> 0 | N63: =SUM(Mariannhill!N63) -> 0 | O63: =SUM(Mariannhill!O63) -> 0 | ... CC63: =SUM(Mariannhill!CC63) -> 0 | CD63: .
B64: A-2008 | C64: Technical Staff | D64: Month | E64: =SUM(Mariannhill!E64) -> 72 | F64: =(Mariannhill!G64)=G64 -> TRUE | G64: =+SUM(H64:CC64) -> 0 | H64: =SUM(Mariannhill!H64) -> 0 | I64: =SUM(Mariannhill!I64) -> 0 | J64: =SUM(Mariannhill!J64) -> 0 | K64: =SUM(Mariannhill!K64) -> 0 | L64: =SUM(Mariannhill!L64) -> 0 | M64: =SUM(Mariannhill!M64) -> 0 | N64: =SUM(Mariannhill!N64) -> 0 | O64: =SUM(Mariannhill!O64) -> 0 | ... CC64: =SUM(Mariannhill!CC64) -> 0 | CD64: .
B65: A-2009 | C65: Transport of Personnel | D65: Month | E65: =SUM(Mariannhill!E65) -> 72 | F65: =(Mariannhill!G65)=G65 -> TRUE | G65: =+SUM(H65:CC65) -> 0 | H65: =SUM(Mariannhill!H65) -> 0 | I65: =SUM(Mariannhill!I65) -> 0 | J65: =SUM(Mariannhill!J65) -> 0 | K65: =SUM(Mariannhill!K65) -> 0 | L65: =SUM(Mariannhill!L65) -> 0 | M65: =SUM(Mariannhill!M65) -> 0 | N65: =SUM(Mariannhill!N65) -> 0 | O65: =SUM(Mariannhill!O65) -> 0 | ... CC65: =SUM(Mariannhill!CC65) -> 0 | CD65: .
B66: A-2010 | C66: Additional Toll Collectors due to Lane Expansion/ Reversible Lane Creation (if triggered) | D66: Month | E66: =SUM(Mariannhill!E66) -> 30 | F66: =(Mariannhill!G66)=G66 -> TRUE | G66: =+SUM(H66:CC66) -> 0 | H66: =SUM(Mariannhill!H66) -> 0 | I66: =SUM(Mariannhill!I66) -> 0 | J66: =SUM(Mariannhill!J66) -> 0 | K66: =SUM(Mariannhill!K66) -> 0 | L66: =SUM(Mariannhill!L66) -> 0 | M66: =SUM(Mariannhill!M66) -> 0 | N66: =SUM(Mariannhill!N66) -> 0 | O66: =SUM(Mariannhill!O66) -> 0 | ... CC66: =SUM(Mariannhill!CC66) -> 0 | CD66: .
B67: A-2011 | C67: Extra Over or Saving of Operational Cost if Dedicated ETC / Card lanes are implemented | F67: =(Mariannhill!G67)=G67 -> TRUE | G67: =+SUM(H67:CC67) -> 0 | H67: =SUM(Mariannhill!H67) -> 0 | I67: =SUM(Mariannhill!I67) -> 0 | J67: =SUM(Mariannhill!J67) -> 0 | K67: =SUM(Mariannhill!K67) -> 0 | L67: =SUM(Mariannhill!L67) -> 0 | M67: =SUM(Mariannhill!M67) -> 0 | N67: =SUM(Mariannhill!N67) -> 0 | O67: =SUM(Mariannhill!O67) -> 0 | ... CC67: =SUM(Mariannhill!CC67) -> 0 | CD67: .
B68: A-2011a | C68: Extra over or saving of Operational costs if additional Dedicated ETC lanes are implemented (1 lane/direction) (If triggered) | D68: Month | E68: =SUM(Mariannhill!E68) -> 72 | F68: =(Mariannhill!G68)=G68 -> TRUE | G68: =+SUM(H68:CC68) -> 0 | H68: =SUM(Mariannhill!H68) -> 0 | I68: =SUM(Mariannhill!I68) -> 0 | J68: =SUM(Mariannhill!J68) -> 0 | K68: =SUM(Mariannhill!K68) -> 0 | L68: =SUM(Mariannhill!L68) -> 0 | M68: =SUM(Mariannhill!M68) -> 0 | N68: =SUM(Mariannhill!N68) -> 0 | O68: =SUM(Mariannhill!O68) -> 0 | ... CC68: =SUM(Mariannhill!CC68) -> 0 | CD68: .
B69: A-2011b | C69: Extra over or saving of Operational Costs if additional Dedicated ETC lanes are implemented (2 lanes/direction) (if triggered) | D69: Month | E69: =SUM(Mariannhill!E69) -> 36 | F69: =(Mariannhill!G69)=G69 -> TRUE | G69: =+SUM(H69:CC69) -> 0 | H69: =SUM(Mariannhill!H69) -> 0 | I69: =SUM(Mariannhill!I69) -> 0 | J69: =SUM(Mariannhill!J69) -> 0 | K69: =SUM(Mariannhill!K69) -> 0 | L69: =SUM(Mariannhill!L69) -> 0 | M69: =SUM(Mariannhill!M69) -> 0 | N69: =SUM(Mariannhill!N69) -> 0 | O69: =SUM(Mariannhill!O69) -> 0 | ... CC69: =SUM(Mariannhill!CC69) -> 0 | CD69: .
B70: A-2011c | C70: Extra over or saving of Operational costs if additional Dedicated ETC lanes are implemented (3 lanes/direction) (If triggered) | D70: Month | E70: =SUM(Mariannhill!E70) -> 36 | F70: =(Mariannhill!G70)=G70 -> TRUE | G70: =+SUM(H70:CC70) -> 0 | H70: =SUM(Mariannhill!H70) -> 0 | I70: =SUM(Mariannhill!I70) -> 0 | J70: =SUM(Mariannhill!J70) -> 0 | K70: =SUM(Mariannhill!K70) -> 0 | L70: =SUM(Mariannhill!L70) -> 0 | M70: =SUM(Mariannhill!M70) -> 0 | N70: =SUM(Mariannhill!N70) -> 0 | O70: =SUM(Mariannhill!O70) -> 0 | ... CC70: =SUM(Mariannhill!CC70) -> 0 | CD70: .
B71: A-2011d | C71: Extra over or saving of Operational costs if additional Dedicated ETC lanes are implemented (4 lanes/direction) (If triggered) | D71: Month | E71: =SUM(Mariannhill!E71) -> 36 | F71: =(Mariannhill!G71)=G71 -> TRUE | G71: =+SUM(H71:CC71) -> 0 | H71: =SUM(Mariannhill!H71) -> 0 | I71: =SUM(Mariannhill!I71) -> 0 | J71: =SUM(Mariannhill!J71) -> 0 | K71: =SUM(Mariannhill!K71) -> 0 | L71: =SUM(Mariannhill!L71) -> 0 | M71: =SUM(Mariannhill!M71) -> 0 | N71: =SUM(Mariannhill!N71) -> 0 | O71: =SUM(Mariannhill!O71) -> 0 | ... CC71: =SUM(Mariannhill!CC71) -> 0
B72: A-2011e | C72: Extra over or saving of Operational costs if additional Dedicated ETC lanes are implemented (5 lanes/direction) (If triggered) | D72: Month | E72: =SUM(Mariannhill!E72) -> 36 | F72: =(Mariannhill!G72)=G72 -> TRUE | G72: =+SUM(H72:CC72) -> 0 | H72: =SUM(Mariannhill!H72) -> 0 | I72: =SUM(Mariannhill!I72) -> 0 | J72: =SUM(Mariannhill!J72) -> 0 | K72: =SUM(Mariannhill!K72) -> 0 | L72: =SUM(Mariannhill!L72) -> 0 | M72: =SUM(Mariannhill!M72) -> 0 | N72: =SUM(Mariannhill!N72) -> 0 | O72: =SUM(Mariannhill!O72) -> 0 | ... CC72: =SUM(Mariannhill!CC72) -> 0
B73: A-2011f | C73: Extra over or saving of Operational costs if additional Dedicated ETC lanes are implemented (6 lanes/direction) (If triggered) | D73: Month | E73: =SUM(Mariannhill!E73) -> 36 | F73: =(Mariannhill!G73)=G73 -> TRUE | G73: =+SUM(H73:CC73) -> 0 | H73: =SUM(Mariannhill!H73) -> 0 | I73: =SUM(Mariannhill!I73) -> 0 | J73: =SUM(Mariannhill!J73) -> 0 | K73: =SUM(Mariannhill!K73) -> 0 | L73: =SUM(Mariannhill!L73) -> 0 | M73: =SUM(Mariannhill!M73) -> 0 | N73: =SUM(Mariannhill!N73) -> 0 | O73: =SUM(Mariannhill!O73) -> 0 | ... CC73: =SUM(Mariannhill!CC73) -> 0
B74: A-2011g | C74: Extra over or Saving of Operational Costs if Dedicated Card lanes are implemented (1 lane/direction) | D74: Month | E74: =SUM(Mariannhill!E74) -> 72 | F74: =(Mariannhill!G74)=G74 -> TRUE | G74: =+SUM(H74:CC74) -> 0 | H74: =SUM(Mariannhill!H74) -> 0 | I74: =SUM(Mariannhill!I74) -> 0 | J74: =SUM(Mariannhill!J74) -> 0 | K74: =SUM(Mariannhill!K74) -> 0 | L74: =SUM(Mariannhill!L74) -> 0 | M74: =SUM(Mariannhill!M74) -> 0 | N74: =SUM(Mariannhill!N74) -> 0 | O74: =SUM(Mariannhill!O74) -> 0 | ... CC74: =SUM(Mariannhill!CC74) -> 0 | CD74: .
B75: A-2012 | C75: Management of functional Customer Service, Including Account Registration, Tag Distribution, Account Top-Up as well as Revenue Management | D75: Month | E75: =SUM(Mariannhill!E75) -> 72 | F75: =(Mariannhill!G75)=G75 -> TRUE | G75: =+SUM(H75:CC75) -> 0 | H75: =SUM(Mariannhill!H75) -> 0 | I75: =SUM(Mariannhill!I75) -> 0 | J75: =SUM(Mariannhill!J75) -> 0 | K75: =SUM(Mariannhill!K75) -> 0 | L75: =SUM(Mariannhill!L75) -> 0 | M75: =SUM(Mariannhill!M75) -> 0 | N75: =SUM(Mariannhill!N75) -> 0 | O75: =SUM(Mariannhill!O75) -> 0 | ... CC75: =SUM(Mariannhill!CC75) -> 0 | CD75: .
B76: A-2013 | C76: Customer Service Operations, including Account Registration, Tag Distribution, Account Top-up and Revenue Collection and Administration Services at Control Centres (if triggered) | F76: =(Mariannhill!G76)=G76 -> TRUE | G76: =+SUM(H76:CC76) -> 0 | H76: =SUM(Mariannhill!H76) -> 0 | I76: =SUM(Mariannhill!I76) -> 0 | J76: =SUM(Mariannhill!J76) -> 0 | K76: =SUM(Mariannhill!K76) -> 0 | L76: =SUM(Mariannhill!L76) -> 0 | M76: =SUM(Mariannhill!M76) -> 0 | N76: =SUM(Mariannhill!N76) -> 0 | O76: =SUM(Mariannhill!O76) -> 0 | ... CC76: =SUM(Mariannhill!CC76) -> 0 | CD76: .
B77: A-2013a | C77: Operations of 1 Customer Service Counter | D77: Month | E77: =SUM(Mariannhill!E77) -> 72 | F77: =(Mariannhill!G77)=G77 -> TRUE | G77: =+SUM(H77:CC77) -> 0 | H77: =SUM(Mariannhill!H77) -> 0 | I77: =SUM(Mariannhill!I77) -> 0 | J77: =SUM(Mariannhill!J77) -> 0 | K77: =SUM(Mariannhill!K77) -> 0 | L77: =SUM(Mariannhill!L77) -> 0 | M77: =SUM(Mariannhill!M77) -> 0 | N77: =SUM(Mariannhill!N77) -> 0 | O77: =SUM(Mariannhill!O77) -> 0 | ... CC77: =SUM(Mariannhill!CC77) -> 0 | CD77: .
B78: A-2013b | C78: Extra Over for the Operation of an additional Customer Service Counter | D78: Month | E78: =SUM(Mariannhill!E78) -> 72 | F78: =(Mariannhill!G78)=G78 -> TRUE | G78: =+SUM(H78:CC78) -> 0 | H78: =SUM(Mariannhill!H78) -> 0 | I78: =SUM(Mariannhill!I78) -> 0 | J78: =SUM(Mariannhill!J78) -> 0 | K78: =SUM(Mariannhill!K78) -> 0 | L78: =SUM(Mariannhill!L78) -> 0 | M78: =SUM(Mariannhill!M78) -> 0 | N78: =SUM(Mariannhill!N78) -> 0 | O78: =SUM(Mariannhill!O78) -> 0 | ... CC78: =SUM(Mariannhill!CC78) -> 0 | CD78: .
B79: A-2014 | C79: Operation of different work-station configurations at Customer Service (CS) Kiosks at locations remote from Control Centres, including for Account Registration, Tag Distribution, Account Top-up and Revenue Collection and Administration Services (if triggered) | F79: =(Mariannhill!G79)=G79 -> TRUE | G79: =+SUM(H79:CC79) -> 0 | H79: =SUM(Mariannhill!H79) -> 0 | I79: =SUM(Mariannhill!I79) -> 0 | J79: =SUM(Mariannhill!J79) -> 0 | K79: =SUM(Mariannhill!K79) -> 0 | L79: =SUM(Mariannhill!L79) -> 0 | M79: =SUM(Mariannhill!M79) -> 0 | N79: =SUM(Mariannhill!N79) -> 0 | O79: =SUM(Mariannhill!O79) -> 0 | ... CC79: =SUM(Mariannhill!CC79) -> 0 | CD79: .
B80: A-2014a | C80: Operation of 1 work station configuration (if triggered) | D80: Month | E80: =SUM(Mariannhill!E80) -> 72 | F80: =(Mariannhill!G80)=G80 -> TRUE | G80: =+SUM(H80:CC80) -> 0 | H80: =SUM(Mariannhill!H80) -> 0 | I80: =SUM(Mariannhill!I80) -> 0 | J80: =SUM(Mariannhill!J80) -> 0 | K80: =SUM(Mariannhill!K80) -> 0 | L80: =SUM(Mariannhill!L80) -> 0 | M80: =SUM(Mariannhill!M80) -> 0 | N80: =SUM(Mariannhill!N80) -> 0 | O80: =SUM(Mariannhill!O80) -> 0 | ... CC80: =SUM(Mariannhill!CC80) -> 0 | CD80: .
B81: A-2014b | C81: Extra Over for operation of an additional work station (if triggered) | D81: Month | E81: =SUM(Mariannhill!E81) -> 72 | F81: =(Mariannhill!G81)=G81 -> TRUE | G81: =+SUM(H81:CC81) -> 0 | H81: =SUM(Mariannhill!H81) -> 0 | I81: =SUM(Mariannhill!I81) -> 0 | J81: =SUM(Mariannhill!J81) -> 0 | K81: =SUM(Mariannhill!K81) -> 0 | L81: =SUM(Mariannhill!L81) -> 0 | M81: =SUM(Mariannhill!M81) -> 0 | N81: =SUM(Mariannhill!N81) -> 0 | O81: =SUM(Mariannhill!O81) -> 0 | ... CC81: =SUM(Mariannhill!CC81) -> 0 | CD81: .
B82: A-2014c | C82: Extra Over for operation 2 additional work stations (if triggered) | D82: Month | E82: =SUM(Mariannhill!E82) -> 72 | F82: =(Mariannhill!G82)=G82 -> TRUE | G82: =+SUM(H82:CC82) -> 0 | H82: =SUM(Mariannhill!H82) -> 0 | I82: =SUM(Mariannhill!I82) -> 0 | J82: =SUM(Mariannhill!J82) -> 0 | K82: =SUM(Mariannhill!K82) -> 0 | L82: =SUM(Mariannhill!L82) -> 0 | M82: =SUM(Mariannhill!M82) -> 0 | N82: =SUM(Mariannhill!N82) -> 0 | O82: =SUM(Mariannhill!O82) -> 0 | ... CC82: =SUM(Mariannhill!CC82) -> 0 | CD82: .
B83: A-2014d | C83: Extra Over for operation 3 additional work stations (if triggered) | D83: Month | E83: =SUM(Mariannhill!E83) -> 72 | F83: =(Mariannhill!G83)=G83 -> TRUE | G83: =+SUM(H83:CC83) -> 0 | H83: =SUM(Mariannhill!H83) -> 0 | I83: =SUM(Mariannhill!I83) -> 0 | J83: =SUM(Mariannhill!J83) -> 0 | K83: =SUM(Mariannhill!K83) -> 0 | L83: =SUM(Mariannhill!L83) -> 0 | M83: =SUM(Mariannhill!M83) -> 0 | N83: =SUM(Mariannhill!N83) -> 0 | O83: =SUM(Mariannhill!O83) -> 0 | ... CC83: =SUM(Mariannhill!CC83) -> 0 | CD83: .
B84: A-2014e | C84: Extra Over for operation 4 additional work stations (if triggered) | D84: Month | E84: =SUM(Mariannhill!E84) -> 72 | F84: =(Mariannhill!G84)=G84 -> TRUE | G84: =+SUM(H84:CC84) -> 0 | H84: =SUM(Mariannhill!H84) -> 0 | I84: =SUM(Mariannhill!I84) -> 0 | J84: =SUM(Mariannhill!J84) -> 0 | K84: =SUM(Mariannhill!K84) -> 0 | L84: =SUM(Mariannhill!L84) -> 0 | M84: =SUM(Mariannhill!M84) -> 0 | N84: =SUM(Mariannhill!N84) -> 0 | O84: =SUM(Mariannhill!O84) -> 0 | ... CC84: =SUM(Mariannhill!CC84) -> 0 | CD84: .
B85: A-2015 | C85: Call handling function: In-house handling of calls from the public during Operation Period (if triggered) | F85: =(Mariannhill!G85)=G85 -> TRUE | G85: =+SUM(H85:CC85) -> 0 | H85: =SUM(Mariannhill!H85) -> 0 | I85: =SUM(Mariannhill!I85) -> 0 | J85: =SUM(Mariannhill!J85) -> 0 | K85: =SUM(Mariannhill!K85) -> 0 | L85: =SUM(Mariannhill!L85) -> 0 | M85: =SUM(Mariannhill!M85) -> 0 | N85: =SUM(Mariannhill!N85) -> 0 | O85: =SUM(Mariannhill!O85) -> 0 | ... CC85: =SUM(Mariannhill!CC85) -> 0
B86: A-2015a | C86: One Call handler | D86: Month | E86: =SUM(Mariannhill!E86) -> 72 | F86: =(Mariannhill!G86)=G86 -> TRUE | G86: =+SUM(H86:CC86) -> 0 | H86: =SUM(Mariannhill!H86) -> 0 | I86: =SUM(Mariannhill!I86) -> 0 | J86: =SUM(Mariannhill!J86) -> 0 | K86: =SUM(Mariannhill!K86) -> 0 | L86: =SUM(Mariannhill!L86) -> 0 | M86: =SUM(Mariannhill!M86) -> 0 | N86: =SUM(Mariannhill!N86) -> 0 | O86: =SUM(Mariannhill!O86) -> 0 | ... CC86: =SUM(Mariannhill!CC86) -> 0 | CD86: .
B87: A-2015b | C87: Two Call handlers | D87: Month | E87: =SUM(Mariannhill!E87) -> 72 | F87: =(Mariannhill!G87)=G87 -> TRUE | G87: =+SUM(H87:CC87) -> 0 | H87: =SUM(Mariannhill!H87) -> 0 | I87: =SUM(Mariannhill!I87) -> 0 | J87: =SUM(Mariannhill!J87) -> 0 | K87: =SUM(Mariannhill!K87) -> 0 | L87: =SUM(Mariannhill!L87) -> 0 | M87: =SUM(Mariannhill!M87) -> 0 | N87: =SUM(Mariannhill!N87) -> 0 | O87: =SUM(Mariannhill!O87) -> 0 | ... CC87: =SUM(Mariannhill!CC87) -> 0 | CD87: .
B88: A-2015c | C88: Three Call handlers | D88: Month | E88: =SUM(Mariannhill!E88) -> 72 | F88: =(Mariannhill!G88)=G88 -> TRUE | G88: =+SUM(H88:CC88) -> 0 | H88: =SUM(Mariannhill!H88) -> 0 | I88: =SUM(Mariannhill!I88) -> 0 | J88: =SUM(Mariannhill!J88) -> 0 | K88: =SUM(Mariannhill!K88) -> 0 | L88: =SUM(Mariannhill!L88) -> 0 | M88: =SUM(Mariannhill!M88) -> 0 | N88: =SUM(Mariannhill!N88) -> 0 | O88: =SUM(Mariannhill!O88) -> 0 | ... CC88: =SUM(Mariannhill!CC88) -> 0 | CD88: .
B89: A-2016 | C89: Contracts Engineer (Contractor’s Representative for Nominated Subcontract) | D89: Month | E89: =SUM(Mariannhill!E89) -> 0 | F89: =(Mariannhill!G89)=G89 -> TRUE | G89: =+SUM(H89:CC89) -> 0 | H89: =SUM(Mariannhill!H89) -> 0 | I89: =SUM(Mariannhill!I89) -> 0 | J89: =SUM(Mariannhill!J89) -> 0 | K89: =SUM(Mariannhill!K89) -> 0 | L89: =SUM(Mariannhill!L89) -> 0 | M89: =SUM(Mariannhill!M89) -> 0 | N89: =SUM(Mariannhill!N89) -> 0 | O89: =SUM(Mariannhill!O89) -> 0 | ... CC89: =SUM(Mariannhill!CC89) -> 0 | CD89: .
B90: A-2017 | C90: Quality Control Officer | D90: Month | E90: =SUM(Mariannhill!E90) -> 72 | F90: =(Mariannhill!G90)=G90 -> TRUE | G90: =+SUM(H90:CC90) -> 0 | H90: =SUM(Mariannhill!H90) -> 0 | I90: =SUM(Mariannhill!I90) -> 0 | J90: =SUM(Mariannhill!J90) -> 0 | K90: =SUM(Mariannhill!K90) -> 0 | L90: =SUM(Mariannhill!L90) -> 0 | M90: =SUM(Mariannhill!M90) -> 0 | N90: =SUM(Mariannhill!N90) -> 0 | O90: =SUM(Mariannhill!O90) -> 0 | ... CC90: =SUM(Mariannhill!CC90) -> 0 | CD90: .
B91: A-2018 | C91: Maintenance Manager | D91: Month | E91: =SUM(Mariannhill!E91) -> 0 | F91: =(Mariannhill!G91)=G91 -> TRUE | G91: =+SUM(H91:CC91) -> 0 | H91: =SUM(Mariannhill!H91) -> 0 | I91: =SUM(Mariannhill!I91) -> 0 | J91: =SUM(Mariannhill!J91) -> 0 | K91: =SUM(Mariannhill!K91) -> 0 | L91: =SUM(Mariannhill!L91) -> 0 | M91: =SUM(Mariannhill!M91) -> 0 | N91: =SUM(Mariannhill!N91) -> 0 | O91: =SUM(Mariannhill!O91) -> 0 | ... CC91: =SUM(Mariannhill!CC91) -> 0 | CD91: .
B92: A-2019 | C92: System/ software support specialist | D92: Month | E92: =SUM(Mariannhill!E92) -> 0 | F92: =(Mariannhill!G92)=G92 -> TRUE | G92: =+SUM(H92:CC92) -> 0 | H92: =SUM(Mariannhill!H92) -> 0 | I92: =SUM(Mariannhill!I92) -> 0 | J92: =SUM(Mariannhill!J92) -> 0 | K92: =SUM(Mariannhill!K92) -> 0 | L92: =SUM(Mariannhill!L92) -> 0 | M92: =SUM(Mariannhill!M92) -> 0 | N92: =SUM(Mariannhill!N92) -> 0 | O92: =SUM(Mariannhill!O92) -> 0 | ... CC92: =SUM(Mariannhill!CC92) -> 0 | CD92: .
B93: A-2020 | C93: Network and Security Specialist | D93: Month | E93: =SUM(Mariannhill!E93) -> 0 | F93: =(Mariannhill!G93)=G93 -> TRUE | G93: =+SUM(H93:CC93) -> 0 | H93: =SUM(Mariannhill!H93) -> 0 | I93: =SUM(Mariannhill!I93) -> 0 | J93: =SUM(Mariannhill!J93) -> 0 | K93: =SUM(Mariannhill!K93) -> 0 | L93: =SUM(Mariannhill!L93) -> 0 | M93: =SUM(Mariannhill!M93) -> 0 | N93: =SUM(Mariannhill!N93) -> 0 | O93: =SUM(Mariannhill!O93) -> 0 | ... CC93: =SUM(Mariannhill!CC93) -> 0 | CD93: .
B94: A-2021 | C94: Plaza technician(s) - over and above the technician to maintain the Toll System (if needed) | D94: Month | E94: =SUM(Mariannhill!E94) -> 72 | F94: =(Mariannhill!G94)=G94 -> TRUE | G94: =+SUM(H94:CC94) -> 0 | H94: =SUM(Mariannhill!H94) -> 0 | I94: =SUM(Mariannhill!I94) -> 0 | J94: =SUM(Mariannhill!J94) -> 0 | K94: =SUM(Mariannhill!K94) -> 0 | L94: =SUM(Mariannhill!L94) -> 0 | M94: =SUM(Mariannhill!M94) -> 0 | N94: =SUM(Mariannhill!N94) -> 0 | O94: =SUM(Mariannhill!O94) -> 0 | ... CC94: =SUM(Mariannhill!CC94) -> 0 | CD94: .
B95: A-2022 | C95: SHEQ Officer | D95: Month | E95: =SUM(Mariannhill!E95) -> 72 | F95: =(Mariannhill!G95)=G95 -> TRUE | G95: =+SUM(H95:CC95) -> 0 | H95: =SUM(Mariannhill!H95) -> 0 | I95: =SUM(Mariannhill!I95) -> 0 | J95: =SUM(Mariannhill!J95) -> 0 | K95: =SUM(Mariannhill!K95) -> 0 | L95: =SUM(Mariannhill!L95) -> 0 | M95: =SUM(Mariannhill!M95) -> 0 | N95: =SUM(Mariannhill!N95) -> 0 | O95: =SUM(Mariannhill!O95) -> 0 | ... CC95: =SUM(Mariannhill!CC95) -> 0 | CD95: .
B96: A-2023 | C96: VGS Clerk | D96: Month | E96: =SUM(Mariannhill!E96) -> 72 | F96: =(Mariannhill!G96)=G96 -> TRUE | G96: =+SUM(H96:CC96) -> 0 | H96: =SUM(Mariannhill!H96) -> 0 | I96: =SUM(Mariannhill!I96) -> 0 | J96: =SUM(Mariannhill!J96) -> 0 | K96: =SUM(Mariannhill!K96) -> 0 | L96: =SUM(Mariannhill!L96) -> 0 | M96: =SUM(Mariannhill!M96) -> 0 | N96: =SUM(Mariannhill!N96) -> 0 | O96: =SUM(Mariannhill!O96) -> 0 | ... CC96: =SUM(Mariannhill!CC96) -> 0 | CD96: .
B97: A-3000 | C97: Financial Costs (Discounts, Exemption and bank fees) | F97: =(Mariannhill!G97)=G97 -> TRUE | G97: =SUM(G98:G106) -> 0 | H97: =SUM(H98:H106) -> 0 | I97: =SUM(I98:I106) -> 0 | J97: =SUM(J98:J106) -> 0 | K97: =SUM(K98:K106) -> 0 | L97: =SUM(L98:L106) -> 0 | M97: =SUM(M98:M106) -> 0 | N97: =SUM(N98:N106) -> 0 | ... CC97: =SUM(CC98:CC106) -> 0 | CD97: .
B98: A-3001 | C98: Cash Deposit fees | D98: Month | E98: =SUM(Mariannhill!E98) -> 72 | F98: =(Mariannhill!G98)=G98 -> TRUE | G98: =+SUM(H98:CC98) -> 0 | H98: =SUM(Mariannhill!H98) -> 0 | I98: =SUM(Mariannhill!I98) -> 0 | J98: =SUM(Mariannhill!J98) -> 0 | K98: =SUM(Mariannhill!K98) -> 0 | L98: =SUM(Mariannhill!L98) -> 0 | M98: =SUM(Mariannhill!M98) -> 0 | N98: =SUM(Mariannhill!N98) -> 0 | O98: =SUM(Mariannhill!O98) -> 0 | ... CC98: =SUM(Mariannhill!CC98) -> 0 | CD98: .
B99: A-3002 | C99: Provision for Cash Collection Service | D99: Month | E99: =SUM(Mariannhill!E99) -> 72 | F99: =(Mariannhill!G99)=G99 -> TRUE | G99: =+SUM(H99:CC99) -> 0 | H99: =SUM(Mariannhill!H99) -> 0 | I99: =SUM(Mariannhill!I99) -> 0 | J99: =SUM(Mariannhill!J99) -> 0 | K99: =SUM(Mariannhill!K99) -> 0 | L99: =SUM(Mariannhill!L99) -> 0 | M99: =SUM(Mariannhill!M99) -> 0 | N99: =SUM(Mariannhill!N99) -> 0 | O99: =SUM(Mariannhill!O99) -> 0 | ... CC99: =SUM(Mariannhill!CC99) -> 0 | CD99: .
B100: A-3003 | C100: Risk of Income loss in respect of Exempt User Passages | D100: Month | E100: =SUM(Mariannhill!E100) -> 72 | F100: =(Mariannhill!G100)=G100 -> TRUE | G100: =+SUM(H100:CC100) -> 0 | H100: =SUM(Mariannhill!H100) -> 0 | I100: =SUM(Mariannhill!I100) -> 0 | J100: =SUM(Mariannhill!J100) -> 0 | K100: =SUM(Mariannhill!K100) -> 0 | L100: =SUM(Mariannhill!L100) -> 0 | M100: =SUM(Mariannhill!M100) -> 0 | N100: =SUM(Mariannhill!N100) -> 0 | O100: =SUM(Mariannhill!O100) -> 0 | ... CC100: =SUM(Mariannhill!CC100) -> 0 | CD100: .
B101: A-3004 | C101: Risk of Income loss in respect of Local and Regional Discounts | D101: Month | E101: =SUM(Mariannhill!E101) -> 72 | F101: =(Mariannhill!G101)=G101 -> TRUE | G101: =+SUM(H101:CC101) -> 0 | H101: =SUM(Mariannhill!H101) -> 0 | I101: =SUM(Mariannhill!I101) -> 0 | J101: =SUM(Mariannhill!J101) -> 0 | K101: =SUM(Mariannhill!K101) -> 0 | L101: =SUM(Mariannhill!L101) -> 0 | M101: =SUM(Mariannhill!M101) -> 0 | N101: =SUM(Mariannhill!N101) -> 0 | O101: =SUM(Mariannhill!O101) -> 0 | ... CC101: =SUM(Mariannhill!CC101) -> 0 | CD101: .
B102: A-3005 | C102: Risk of Income loss in respect of Frequent User Discounts | D102: Month | E102: =SUM(Mariannhill!E102) -> 72 | F102: =(Mariannhill!G102)=G102 -> TRUE | G102: =+SUM(H102:CC102) -> 0 | H102: =SUM(Mariannhill!H102) -> 0 | I102: =SUM(Mariannhill!I102) -> 0 | J102: =SUM(Mariannhill!J102) -> 0 | K102: =SUM(Mariannhill!K102) -> 0 | L102: =SUM(Mariannhill!L102) -> 0 | M102: =SUM(Mariannhill!M102) -> 0 | N102: =SUM(Mariannhill!N102) -> 0 | O102: =SUM(Mariannhill!O102) -> 0 | ... CC102: =SUM(Mariannhill!CC102) -> 0 | CD102: .
B103: A-3006 | C103: Risk of Income loss in respect of Run through Violations | D103: Month | E103: =SUM(Mariannhill!E103) -> 72 | F103: =(Mariannhill!G103)=G103 -> TRUE | G103: =+SUM(H103:CC103) -> 0 | H103: =SUM(Mariannhill!H103) -> 0 | I103: =SUM(Mariannhill!I103) -> 0 | J103: =SUM(Mariannhill!J103) -> 0 | K103: =SUM(Mariannhill!K103) -> 0 | L103: =SUM(Mariannhill!L103) -> 0 | M103: =SUM(Mariannhill!M103) -> 0 | N103: =SUM(Mariannhill!N103) -> 0 | O103: =SUM(Mariannhill!O103) -> 0 | ... CC103: =SUM(Mariannhill!CC103) -> 0 | CD103: .
B104: A-3007 | C104: Risk of Income loss in respect of No Payment Passages | D104: Month | E104: =SUM(Mariannhill!E104) -> 72 | F104: =(Mariannhill!G104)=G104 -> TRUE | G104: =+SUM(H104:CC104) -> 0 | H104: =SUM(Mariannhill!H104) -> 0 | I104: =SUM(Mariannhill!I104) -> 0 | J104: =SUM(Mariannhill!J104) -> 0 | K104: =SUM(Mariannhill!K104) -> 0 | L104: =SUM(Mariannhill!L104) -> 0 | M104: =SUM(Mariannhill!M104) -> 0 | N104: =SUM(Mariannhill!N104) -> 0 | O104: =SUM(Mariannhill!O104) -> 0 | ... CC104: =SUM(Mariannhill!CC104) -> 0 | CD104: .
B105: A-3008 | C105: Contractor Discounts Income Loss | D105: Month | E105: =SUM(Mariannhill!E105) -> 72 | F105: =(Mariannhill!G105)=G105 -> TRUE | G105: =+SUM(H105:CC105) -> 0 | H105: =SUM(Mariannhill!H105) -> 0 | I105: =SUM(Mariannhill!I105) -> 0 | J105: =SUM(Mariannhill!J105) -> 0 | K105: =SUM(Mariannhill!K105) -> 0 | L105: =SUM(Mariannhill!L105) -> 0 | M105: =SUM(Mariannhill!M105) -> 0 | N105: =SUM(Mariannhill!N105) -> 0 | O105: =SUM(Mariannhill!O105) -> 0 | ... CC105: =SUM(Mariannhill!CC105) -> 0 | CD105: .
B106: A-3009 | C106: Risk of Loss or Damage of Tags (per 100 Tags per month) | D106: Month | E106: =SUM(Mariannhill!E106) -> 72 | F106: =(Mariannhill!G106)=G106 -> TRUE | G106: =+SUM(H106:CC106) -> 0 | H106: =SUM(Mariannhill!H106) -> 0 | I106: =SUM(Mariannhill!I106) -> 0 | J106: =SUM(Mariannhill!J106) -> 0 | K106: =SUM(Mariannhill!K106) -> 0 | L106: =SUM(Mariannhill!L106) -> 0 | M106: =SUM(Mariannhill!M106) -> 0 | N106: =SUM(Mariannhill!N106) -> 0 | O106: =SUM(Mariannhill!O106) -> 0 | ... CC106: =SUM(Mariannhill!CC106) -> 0 | CD106: .
...

Sheet Mariannhill
B2: Item No | C2: Description | D2: Unit | E2: Quantity | F2: Rate | G2: TOTAL (6 Years) | H2: Est Period | J2: Operation Service Period - Year 1 | V2: Operation Service Period - Year 2 | AH2: Operation Service Period - Year 3 | AT2: Operation Service Period - Year 4 | BF2: Operation Service Period - Year 5 | BR2: Operation Service Period - Year 6
H3: ='Title Page'!C11 -> 46476 | I3: =DATE(YEAR(H3),MONTH(H3)+2,1)-1 -> 46507 | J3: =DATE(YEAR(I3),MONTH(I3)+2,1)-1 -> 46538 | K3: =DATE(YEAR(J3),MONTH(J3)+2,1)-1 -> 46568 | L3: =DATE(YEAR(K3),MONTH(K3)+2,1)-1 -> 46599 | M3: =DATE(YEAR(L3),MONTH(L3)+2,1)-1 -> 46630 | N3: =DATE(YEAR(M3),MONTH(M3)+2,1)-1 -> 46660 | O3: =DATE(YEAR(N3),MONTH(N3)+2,1)-1 -> 46691 | P3: =DATE(YEAR(O3),MONTH(O3)+2,1)-1 -> 46721 | ... CC3: =DATE(YEAR(CB3),MONTH(CB3)+2,1)-1 -> 48699
C6: Total Tendered F&V Cost (Incl VAT, in Rands) - to N3MH Totals | G6: =+G7+G8 -> 270223780
C7: 15 %VAT on Total Tendered F&V Cost (in Rands) | G7: =+G8*0.15 -> 35246580
C8: Total Tendered F&V Cost (Excl VAT, in Rands) | G8: =+G11 -> 234977200
F10: CHECK | G10: =+SUM(H30:CC55,H57:CC96,H98:CC106,H108:CC119,H122:CC133,H135:CC143,H145:CC153,H155:CC157,H159:CC172,H174:CC175,H177:CC177,H179:CC206,H210:CC223,H225:CC251,H253:CC267,H273:CC342,H344:CC346,H348:CC389,H392:CC426) -> 234977200 | H10: =G10=G11 -> TRUE | I10: =G28+G208+G391=G10 -> TRUE
C11: Total Tendered F&V Cost for A- and B Series (excl VAT) | G11: =+SUM(H11:CC11) -> 234977200 | H11: =+H21+H12+H24 -> 28800000 | I11: =+I21+I12+I24 -> 28800000 | J11: =+J21+J12+J24 -> 30278489 | K11: =+K21+K12+K24 -> 1478488.9 | L11: =+L21+L12+L24 -> 1478488.9 | M11: =+M21+M12+M24 -> 1478488.9 | N11: =+N21+N12+N24 -> 1478488.9 | O11: =+O21+O12+O24 -> 1478488.9 | ... CC11: =+CC21+CC12+CC24 -> 10721711
B12: A | C12: A Series: Operation Service | G12: =+SUM(H12:CC12) -> 159613200 | H12: =+H28 -> 27000000 | I12: =+I28 -> 27000000 | J12: =+J28 -> 27645156 | K12: =+K28 -> 645155.56 | L12: =+L28 -> 645155.56 | M12: =+M28 -> 645155.56 | N12: =+N28 -> 645155.56 | O12: =+O28 -> 645155.56 | ... CC12: =+CC28 -> 7486970.4 | CD12: =G12=G28 -> TRUE
C13: Fixed Items | G13: =+SUM(H13:CC13) -> 6451200 | H13: =+H12-SUM(H14:H15) -> 0 | I13: =+I12-SUM(I14:I15) -> 0 | J13: =+J12-SUM(J14:J15) -> 89600 | K13: =+K12-SUM(K14:K15) -> 89600 | L13: =+L12-SUM(L14:L15) -> 89600 | M13: =+M12-SUM(M14:M15) -> 89600 | N13: =+N12-SUM(N14:N15) -> 89600 | O13: =+O12-SUM(O14:O15) -> 89600 | ... CC13: =+CC12-SUM(CC14:CC15) -> 89600
C14: Provisional Sums | G14: =+SUM(H14:CC14) -> 153162000 | H14: =+H178 -> 27000000 | I14: =+I178 -> 27000000 | J14: =+J178 -> 27555556 | K14: =+K178 -> 555555.56 | L14: =+L178 -> 555555.56 | M14: =+M178 -> 555555.56 | N14: =+N178 -> 555555.56 | O14: =+O178 -> 555555.56 | ... CC14: =+CC178 -> 7397370.4
C15: Variable Operation Cost | G15: =+SUM(H15:CC15) -> 0 | H15: =+SUM(H16:H19) -> 0 | I15: =+SUM(I16:I19) -> 0 | J15: =+SUM(J16:J19) -> 0 | K15: =+SUM(K16:K19) -> 0 | L15: =+SUM(L16:L19) -> 0 | M15: =+SUM(M16:M19) -> 0 | N15: =+SUM(N16:N19) -> 0 | O15: =+SUM(O16:O19) -> 0 | ... CC15: =+SUM(CC16:CC19) -> 0
C16: Class 1 | D16: Month | E16: 72 | G16: =+SUM(H16:CC16) -> 0 | CD16: .
C17: Class 2 | D17: Month | E17: 72 | G17: =+SUM(H17:CC17) -> 0 | CD17: .
C18: Class 3 | D18: Month | E18: 72 | G18: =+SUM(H18:CC18) -> 0 | CD18: .
C19: Class 4 | D19: Month | E19: 72 | G19: =+SUM(H19:CC19) -> 0 | CD19: .
G20: =IF(SUM(G16:G19)=0,0,IF(AND((SUM(G16:G19)/G12)>0.4,G178=0),0.4,(SUM(G16:G19)/G12))) -> 0 | H20: =IF(SUM(H16:H19)=0,0,IF(AND((SUM(H16:H19)/H12)>0.4,H178=0),0.4,(SUM(H16:H19)/H12))) -> 0 | I20: =IF(SUM(I16:I19)=0,0,IF(AND((SUM(I16:I19)/I12)>0.4,I178=0),0.4,(SUM(I16:I19)/I12))) -> 0 | J20: =IF(SUM(J16:J19)=0,0,IF(AND((SUM(J16:J19)/J12)>0.4,J178=0),0.4,(SUM(J16:J19)/J12))) -> 0 | K20: =IF(SUM(K16:K19)=0,0,IF(AND((SUM(K16:K19)/K12)>0.4,K178=0),0.4,(SUM(K16:K19)/K12))) -> 0 | L20: =IF(SUM(L16:L19)=0,0,IF(AND((SUM(L16:L19)/L12)>0.4,L178=0),0.4,(SUM(L16:L19)/L12))) -> 0 | M20: =IF(SUM(M16:M19)=0,0,IF(AND((SUM(M16:M19)/M12)>0.4,M178=0),0.4,(SUM(M16:M19)/M12))) -> 0 | N20: =IF(SUM(N16:N19)=0,0,IF(AND((SUM(N16:N19)/N12)>0.4,N178=0),0.4,(SUM(N16:N19)/N12))) -> 0 | ... CC20: =IF(SUM(CC16:CC19)=0,0,IF(AND((SUM(CC16:CC19)/CC12)>0.4,CC178=0),0.4,(SUM(CC16:CC19)/CC12))) -> 0
B21: B | C21: B Series: Design Build | G21: =+SUM(H21:CC21) -> 70010000 | H21: =+H208 -> 1800000 | I21: =+I208 -> 1800000 | J21: =+J208 -> 2633333.3 | K21: =+K208 -> 833333.33 | L21: =+L208 -> 833333.33 | M21: =+M208 -> 833333.33 | N21: =+N208 -> 833333.33 | O21: =+O208 -> 833333.33 | ... CC21: =+CC208 -> 2342407.5 | CD21: =G21=G208 -> TRUE
C22: Fixed Items | G22: =+SUM(H22:CC22) -> 0 | H22: =+H21-H23 -> 0 | I22: =+I21-I23 -> 0 | J22: =+J21-J23 -> 0 | K22: =+K21-K23 -> 0 | L22: =+L21-L23 -> 0 | M22: =+M21-M23 -> 0 | N22: =+N21-N23 -> 0 | O22: =+O21-O23 -> 0 | ... CC22: =+CC21-CC23 -> 0
C23: Provisional Sums | G23: =+SUM(H23:CC23) -> 70010000 | H23: =+H347 -> 1800000 | I23: =+I347 -> 1800000 | J23: =+J347 -> 2633333.3 | K23: =+K347 -> 833333.33 | L23: =+L347 -> 833333.33 | M23: =+M347 -> 833333.33 | N23: =+N347 -> 833333.33 | O23: =+O347 -> 833333.33 | ... CC23: =+CC347 -> 2342407.5
B24: D | C24: D Series: Contract Participation, etc | G24: =+SUM(H24:CC24) -> 5354000 | H24: =+H391 -> 0 | I24: =+I391 -> 0 | J24: =+J391 -> 0 | K24: =+K391 -> 0 | L24: =+L391 -> 0 | M24: =+M391 -> 0 | N24: =+N391 -> 0 | O24: =+O391 -> 0 | ... CC24: =+CC391 -> 892333.4 | CD24: =G24=G391 -> TRUE
C25: Fixed Items | G25: =+SUM(H25:CC25) -> 0 | H25: =H24-H26 -> 0 | I25: =I24-I26 -> 0 | J25: =J24-J26 -> 0 | K25: =K24-K26 -> 0 | L25: =L24-L26 -> 0 | M25: =M24-M26 -> 0 | N25: =N24-N26 -> 0 | O25: =O24-O26 -> 0 | ... CC25: =CC24-CC26 -> 0
C26: Provisional Sums | G26: =+SUM(H26:CC26) -> 5354000 | H26: =SUM(H392,H394,H395,H408:H409,H415:H418,H420,H422,H424:H425) -> 0 | I26: =SUM(I392,I394,I395,I408:I409,I415:I418,I420,I422,I424:I425) -> 0 | J26: =SUM(J392,J394,J395,J408:J409,J415:J418,J420,J422,J424:J425) -> 0 | K26: =SUM(K392,K394,K395,K408:K409,K415:K418,K420,K422,K424:K425) -> 0 | L26: =SUM(L392,L394,L395,L408:L409,L415:L418,L420,L422,L424:L425) -> 0 | M26: =SUM(M392,M394,M395,M408:M409,M415:M418,M420,M422,M424:M425) -> 0 | N26: =SUM(N392,N394,N395,N408:N409,N415:N418,N420,N422,N424:N425) -> 0 | O26: =SUM(O392,O394,O395,O408:O409,O415:O418,O420,O422,O424:O425) -> 0 | ... CC26: =SUM(CC392,CC394,CC395,CC408:CC409,CC415:CC418,CC420,CC422,CC424:CC425) -> 892333.4
B28: A Series | C28: Operation Service | G28: =+SUM(G29,G56,G97,G107,G120,G154,G158,G173,G176,G178) -> 159613200 | H28: =+SUM(H29,H56,H97,H107,H120,H154,H158,H173,H176,H178) -> 27000000 | I28: =+SUM(I29,I56,I97,I107,I120,I154,I158,I173,I176,I178) -> 27000000 | J28: =+SUM(J29,J56,J97,J107,J120,J154,J158,J173,J176,J178) -> 27645156 | K28: =+SUM(K29,K56,K97,K107,K120,K154,K158,K173,K176,K178) -> 645155.56 | L28: =+SUM(L29,L56,L97,L107,L120,L154,L158,L173,L176,L178) -> 645155.56 | M28: =+SUM(M29,M56,M97,M107,M120,M154,M158,M173,M176,M178) -> 645155.56 | N28: =+SUM(N29,N56,N97,N107,N120,N154,N158,N173,N176,N178) -> 645155.56 | ... CC28: =+SUM(CC29,CC56,CC97,CC107,CC120,CC154,CC158,CC173,CC176,CC178) -> 7486970.4 | CD28: .
B29: A-1000 | C29: General Contractors Obligations | G29: =SUM(G30:G55) -> 0 | H29: =SUM(H30:H55) -> 0 | I29: =SUM(I30:I55) -> 0 | J29: =SUM(J30:J55) -> 0 | K29: =SUM(K30:K55) -> 0 | L29: =SUM(L30:L55) -> 0 | M29: =SUM(M30:M55) -> 0 | N29: =SUM(N30:N55) -> 0 | ... CC29: =SUM(CC30:CC55) -> 0 | CD29: .
B30: A-1001 | C30: Contractors General Obligations for the duration of the Operations Service Period | CD30: .
B31: A-1001a | C31: Contractors General Obligations for the duration of the Operations Service Period - Establishment Period | D31: Week | E31: 6 | G31: =+SUM(H31:CC31) -> 0 | CD31: .
B32: A-1001b | C32: Contractors General Obligations for the duration of the Operations Service Period - Section 1 (Using the Toll System handed over while being replaced) | D32: Month | E32: 42 | G32: =+SUM(H32:CC32) -> 0 | CD32: .
B33: A-1001c | C33: Contractors General Obligations for the duration of the Operations Service Period - Section 2 & 3 (Using the Upgraded Toll System in new northbound and in existing southbound lanes, operating with construction in southbound lanes) | D33: Month | E33: 18 | G33: =+SUM(H33:CC33) -> 0 | CD33: .
B34: A-1001d | C34: Contractors General Obligations for the duration of the Operations Service Period - Section 4 (Using new southbound lanes) | D34: Month | E34: 5 | G34: =+SUM(H34:CC34) -> 0 | CD34: .
B35: A-1001e | C35: Contractors General Obligations for the duration of the Operations Service Period - Section 5 (Using the SANRAL MIS, to be triggered) | D35: Month | E35: 4 | G35: =+SUM(H35:CC35) -> 0 | CD35: .
B36: A-1001f | C36: Contractors General Obligations for the duration of the Operations Period – Section 6 (Using the National SANRAL Toll System, to be triggered) | D36: Month | E36: 3 | G36: =+SUM(H36:CC36) -> 0 | CD36: .
B37: A-1002 | C37: Provision of Performance Security | D37: Year | E37: 6 | G37: =+SUM(H37:CC37) -> 0 | CD37: .
B38: A-1003 | C38: Compliance with Laws | D38: Month | E38: 72 | G38: =+SUM(H38:CC38) -> 0 | CD38: .
B39: A-1004 | C39: Compliance with Health and Safety Requirements | D39: Month | E39: 72 | G39: =+SUM(H39:CC39) -> 0 | CD39: .
B40: A-1005 | C40: Compliance with Environmental Requirements | D40: Month | E40: 72 | G40: =+SUM(H40:CC40) -> 0 | CD40: .
B41: A-1006 | C41: Compliance with Social Responsibility Requirements | D41: Month | E41: 72 | G41: =+SUM(H41:CC41) -> 0 | CD41: .
B42: A-1007 | C42: Provision and Maintenance of Adequate Insurance | D42: Month | E42: 72 | G42: =+SUM(H42:CC42) -> 0 | CD42: .
... B45: A-1010 | C45: Training of Personnel and other training obligations | D45: Month | E45: 72 | G45: =+SUM(H45:CC45) -> 0 | CD45: .
B46: A-1011 | C46: Completion of Operation Service Period | D46: Lump Sum | E46: 1 | G46: =+E46*F46 -> 0 | CC46: =G46-SUM(H46:CB46) -> 0 | CD46: .
B47: A-1012 | C47: Extra Over Cost for Taking over of upgraded & new assets during contract period (if triggered) | D47: Lump Sum | E47: 1 | G47: =+E47*F47 -> 0 | U47: =G47/6 -> 0 | AG47: =G47/6 -> 0 | AS47: =G47/6 -> 0 | BE47: =G47/6 -> 0 | BQ47: =G47/6 -> 0 | CC47: =G47-SUM(H47:CB47) -> 0 | CD47: .
B48: A-1013 | C48: ESCROW for commissioning System application software (not toll system related) | D48: Month | E48: 72 | G48: =+SUM(H48:CC48) -> 0 | CD48: .
B49: A-1014 | C49: Updating Integrated Transport Information System (ITIS) Modules | D49: Month | E49: 72 | G49: =+SUM(H49:CC49) -> 0 | CD49: .
B50: A-1015 | C50: Liaison with Service Providers | D50: Month | E50: 72 | G50: =+SUM(H50:CC50) -> 0 | CD50: .
B51: A-1016 | C51: Mentoring Targeted Enterprise (New Entrant-Developing Operator) | CD51: .
B52: A-1016a | C52: Identify and train Targeted Enterprise (New Entrant-Developing Operator) | D52: Month | E52: 0 | G52: =+SUM(H52:CC52) -> 0 | CD52: .
B53: A-1016b | C53: Oversee of Targeted Enterprise (New Entrant-Developing Operator) management of Toll Plaza | D53: Month | E53: 0 | G53: =+SUM(H53:CC53) -> 0 | CD53: .
B54: A-1017 | C54: Extra over costs for the supervision of the Nominated Subcontractor (NSC) | D54: Month | E54: 54 | G54: =+SUM(H54:CC54) -> 0 | CD54: .
B55: A-1018 | C55: Extra over costs for the supervision of the Incumbent System integrator (ISI) | D55: Month | E55: 18 | G55: =+SUM(H55:CC55) -> 0 | CD55: .
B56: A-2000 | C56: Provisioning of Staff and Labour | G56: =SUM(G57:G96) -> 0 | H56: =SUM(H57:H96) -> 0 | I56: =SUM(I57:I96) -> 0 | J56: =SUM(J57:J96) -> 0 | K56: =SUM(K57:K96) -> 0 | L56: =SUM(L57:L96) -> 0 | M56: =SUM(M57:M96) -> 0 | N56: =SUM(N57:N96) -> 0 | ... CC56: =SUM(CC57:CC96) -> 0 | CD56: .
B57: A-2001 | C57: Toll Collectors | D57: Month | E57: 72 | G57: =+SUM(H57:CC57) -> 0 | CD57: .
B58: A-2002 | C58: Senior Toll Collectors | D58: Month | E58: 72 | G58: =+SUM(H58:CC58) -> 0 | CD58: .
B59: A-2003 | C59: Seasonal Toll Collectors | D59: Month | E59: 72 | G59: =+SUM(H59:CC59) -> 0 | CD59: .
B60: A-2004 | C60: Shift Supervisors | D60: Month | E60: 72 | G60: =+SUM(H60:CC60) -> 0 | CD60: .
B61: A-2005 | C61: Plaza Managers | D61: Month | E61: 72 | G61: =+SUM(H61:CC61) -> 0 | CD61: .
B62: A-2006 | C62: Administrative Personnel | D62: Month | E62: 72 | G62: =+SUM(H62:CC62) -> 0 | CD62: .
B63: A-2007 | C63: Lane, Garden and Plaza Attendants | D63: Month | E63: 72 | G63: =+SUM(H63:CC63) -> 0 | CD63: .
B64: A-2008 | C64: Technical Staff | D64: Month | E64: 72 | G64: =+SUM(H64:CC64) -> 0 | CD64: .
B65: A-2009 | C65: Transport of Personnel | D65: Month | E65: 72 | G65: =+SUM(H65:CC65) -> 0 | CD65: .
B66: A-2010 | C66: Additional Toll Collectors due to Lane Expansion/ Reversible Lane Creation (if triggered) | D66: Month | E66: 30 | G66: =+SUM(H66:CC66) -> 0 | CD66: .
B67: A-2011 | C67: Extra Over or Saving of Operational Cost if Dedicated ETC / Card lanes are implemented
B68: A-2011a | C68: Extra over or saving of Operational costs if additional Dedicated ETC lanes are implemented (1 lane/direction) (If triggered) | D68: Month | E68: 72 | G68: =+SUM(H68:CC68) -> 0 | CD68: .
B69: A-2011b | C69: Extra over or saving of Operational Costs if additional Dedicated ETC lanes are implemented (2 lanes/direction) (if triggered) | D69: Month | E69: 36 | G69: =+SUM(H69:CC69) -> 0 | CD69: .
B70: A-2011c | C70: Extra over or saving of Operational costs if additional Dedicated ETC lanes are implemented (3 lanes/direction) (If triggered) | D70: Month | E70: 36 | G70: =+SUM(H70:CC70) -> 0 | CD70: .
B71: A-2011d | C71: Extra over or saving of Operational costs if additional Dedicated ETC lanes are implemented (4 lanes/direction) (If triggered) | D71: Month | E71: 36 | G71: =+SUM(H71:CC71) -> 0
B72: A-2011e | C72: Extra over or saving of Operational costs if additional Dedicated ETC lanes are implemented (5 lanes/direction) (If triggered) | D72: Month | E72: 36 | G72: =+SUM(H72:CC72) -> 0
B73: A-2011f | C73: Extra over or saving of Operational costs if additional Dedicated ETC lanes are implemented (6 lanes/direction) (If triggered) | D73: Month | E73: 36 | G73: =+SUM(H73:CC73) -> 0
B74: A-2011g | C74: Extra over or Saving of Operational Costs if Dedicated Card lanes are implemented (1 lane/direction) | D74: Month | E74: 72 | G74: =+SUM(H74:CC74) -> 0
B75: A-2012 | C75: Management of functional Customer Service, Including Account Registration, Tag Distribution, Account Top-Up as well as Revenue Management | D75: Month | E75: 72 | G75: =+SUM(H75:CC75) -> 0 | CD75: .
B76: A-2013 | C76: Customer Service Operations, including Account Registration, Tag Distribution, Account Top-up and Revenue Collection and Administration Services at Control Centres (if triggered)
B77: A-2013a | C77: Operations of 1 Customer Service Counter | D77: Month | E77: 72 | G77: =+SUM(H77:CC77) -> 0 | CD77: .
B78: A-2013b | C78: Extra Over for the Operation of an additional Customer Service Counter | D78: Month | E78: 72 | G78: =+SUM(H78:CC78) -> 0 | CD78: .
B79: A-2014 | C79: Operation of different work-station configurations at Customer Service (CS) Kiosks at locations remote from Control Centres, including for Account Registration, Tag Distribution, Account Top-up and Revenue Collection and Administration Services (if triggered)
B80: A-2014a | C80: Operation of 1 work station configuration (if triggered) | D80: Month | E80: 72 | G80: =+SUM(H80:CC80) -> 0 | CD80: .
B81: A-2014b | C81: Extra Over for operation of an additional work station (if triggered) | D81: Month | E81: 72 | G81: =+SUM(H81:CC81) -> 0 | CD81: .
B82: A-2014c | C82: Extra Over for operation 2 additional work stations (if triggered) | D82: Month | E82: 72 | G82: =+SUM(H82:CC82) -> 0 | CD82: .
B83: A-2014d | C83: Extra Over for operation 3 additional work stations (if triggered) | D83: Month | E83: 72 | G83: =+SUM(H83:CC83) -> 0 | CD83: .
B84: A-2014e | C84: Extra Over for operation 4 additional work stations (if triggered) | D84: Month | E84: 72 | G84: =+SUM(H84:CC84) -> 0 | CD84: .
B85: A-2015 | C85: Call handling function: In-house handling of calls from the public during Operation Period (if triggered)
B86: A-2015a | C86: One Call handler | D86: Month | E86: 72 | G86: =+SUM(H86:CC86) -> 0 | CD86: .
B87: A-2015b | C87: Two Call handlers | D87: Month | E87: 72 | G87: =+SUM(H87:CC87) -> 0 | CD87: .
B88: A-2015c | C88: Three Call handlers | D88: Month | E88: 72 | G88: =+SUM(H88:CC88) -> 0 | CD88: .
B89: A-2016 | C89: Contracts Engineer (Contractor’s Representative for Nominated Subcontract) | D89: Month | E89: 0 | G89: =+SUM(H89:CC89) -> 0 | CD89: .
B90: A-2017 | C90: Quality Control Officer | D90: Month | E90: 72 | G90: =+SUM(H90:CC90) -> 0 | CD90: .
B91: A-2018 | C91: Maintenance Manager | D91: Month | E91: 0 | G91: =+SUM(H91:CC91) -> 0 | CD91: .
B92: A-2019 | C92: System/ software support specialist | D92: Month | E92: 0 | G92: =+SUM(H92:CC92) -> 0 | CD92: .
B93: A-2020 | C93: Network and Security Specialist | D93: Month | E93: 0 | G93: =+SUM(H93:CC93) -> 0 | CD93: .
B94: A-2021 | C94: Plaza technician(s) - over and above the technician to maintain the Toll System (if needed) | D94: Month | E94: 72 | G94: =+SUM(H94:CC94) -> 0 | CD94: .
B95: A-2022 | C95: SHEQ Officer | D95: Month | E95: 72 | G95: =+SUM(H95:CC95) -> 0 | CD95: .
B96: A-2023 | C96: VGS Clerk | D96: Month | E96: 72 | G96: =+SUM(H96:CC96) -> 0 | CD96: .
B97: A-3000 | C97: Financial Costs (Discounts, Exemption and bank fees) | G97: =SUM(G98:G106) -> 0 | H97: =SUM(H98:H106) -> 0 | I97: =SUM(I98:I106) -> 0 | J97: =SUM(J98:J106) -> 0 | K97: =SUM(K98:K106) -> 0 | L97: =SUM(L98:L106) -> 0 | M97: =SUM(M98:M106) -> 0 | N97: =SUM(N98:N106) -> 0 | ... CC97: =SUM(CC98:CC106) -> 0 | CD97: .
B98: A-3001 | C98: Cash Deposit fees | D98: Month | E98: 72 | G98: =+SUM(H98:CC98) -> 0 | CD98: .
B99: A-3002 | C99: Provision for Cash Collection Service | D99: Month | E99: 72 | G99: =+SUM(H99:CC99) -> 0 | CD99: .
B100: A-3003 | C100: Risk of Income loss in respect of Exempt User Passages | D100: Month | E100: 72 | G100: =+SUM(H100:CC100) -> 0 | CD100: .
B101: A-3004 | C101: Risk of Income loss in respect of Local and Regional Discounts | D101: Month | E101: 72 | G101: =+SUM(H101:CC101) -> 0 | CD101: .
B102: A-3005 | C102: Risk of Income loss in respect of Frequent User Discounts | D102: Month | E102: 72 | G102: =+SUM(H102:CC102) -> 0 | CD102: .
B103: A-3006 | C103: Risk of Income loss in respect of Run through Violations | D103: Month | E103: 72 | G103: =+SUM(H103:CC103) -> 0 | CD103: .
B104: A-3007 | C104: Risk of Income loss in respect of No Payment Passages | D104: Month | E104: 72 | G104: =+SUM(H104:CC104) -> 0 | CD104: .
B105: A-3008 | C105: Contractor Discounts Income Loss | D105: Month | E105: 72 | G105: =+SUM(H105:CC105) -> 0 | CD105: .
B106: A-3009 | C106: Risk of Loss or Damage of Tags (per 100 Tags per month) | D106: Month | E106: 72 | G106: =+SUM(H106:CC106) -> 0 | CD106: .
B107: A-4000 | C107: Utilities, Services and Levies | G107: =SUM(G108:G119) -> 6451200 | H107: =SUM(H108:H119) -> 0 | I107: =SUM(I108:I119) -> 0 | J107: =SUM(J108:J119) -> 89600 | K107: =SUM(K108:K119) -> 89600 | L107: =SUM(L108:L119) -> 89600 | M107: =SUM(M108:M119) -> 89600 | N107: =SUM(N108:N119) -> 89600 | ... CC107: =SUM(CC108:CC119) -> 89600 | CD107: .
...
